 Dungeon Crawl Stone Soup version 0.31-a0-968-g24f9ace8b5 (webtiles) character file.

Game seed: 15391719686996311057

2006299 MackTheKnife the Photosynthesist (level 25, 252/252 HPs)
             Began as a Demonspawn Venom Mage on Oct 26, 2023.
             Was an Elder of Fedhas.
             Escaped with the Orb
             ... and 4 runes on Oct 27, 2023!
             The game lasted 03:48:23 (86814 turns).

MackTheKnife the Photosynthesist (DsVM)            Turns: 86814, Time: 03:48:23

Health: 252/252    AC: 16    Str: 15    XL:     25   Next: 71%
Magic:  13/13      EV: 35    Int: 18    God:    Fedhas [****..]
Gold:   2733       SH: 39    Dex: 27    Spells: 25/52 levels left

rFire   + + +        r - +7 quick blade "Reguw" {antimagic, rElec rC+ Stlth+, short}
rCold   + + .        j - +6 tower shield of Tapliolo {Will+ Str+4}
rNeg    + . .        h - +4 ring mail of the Kappa {rPois}
rPois   +            u - +2 helmet {SInv}
rElec   +            J - scarf of Uriong {shadows, rF+ rN+}
rCorr   .            W - +0 pair of gloves "Eluwn" {rElec Dex+3}
SInv    +            (boots unavailable)
Will    +++..        w - brooch of Shielding {Spirit SH+8}
Stlth   ++           g - ring of the Devil's Advocate {EV+5 Dex+6}
HPRegen 0.62/turn    i - ring "Alont" {Contam rF++ rC+, =R}
MPRegen 0.13/turn

%: repel missiles, guardian spirit
@: studying 2 skills
A: hooves 3, repulsion field 3, foul stench 3, robust 2, demonic magic 3, dopey
1, strong-willed 1, screaming 1, weak 1
0: Orb of Zot
}: 4/15 runes: barnacled, slimy, silver, gossamer
a: Renounce Religion, Wall of Briars, Grow Ballistomycete, Overgrow


You escaped.
You worshipped Fedhas.
Fedhas was greatly pleased with you.
You visited 11 branches of the dungeon, and saw 55 of its levels.
You also visited: Trove, Bailey, Gauntlet, Ice Cave and Wizlab.

You collected 9456 gold pieces.
You spent 6723 gold pieces at shops.


Innate Abilities, Weirdness & Mutations

You have hooves in place of feet.
You are surrounded by a strong repulsion field. (EV +4, RMsl)
You frequently emit foul miasma when damaged in melee.
You are very robust. (+20% HP)
Spells you cast and wands you use may paralyse nearby enemies.
You are dopey. (Int -2)
You are strong-willed. (Will+)
You occasionally shout uncontrollably at your foes.
You are weak. (Str -2)


   Skills:
 - Level 20.0 Fighting
 - Level 14.0 Short Blades
 - Level 10.0 Armour
 + Level 18.2 Dodging
 - Level 4.0 Stealth
 - Level 20.0 Shields
 - Level 14.0 Spellcasting
 - Level 11.0 Conjurations
 - Level 8.0 Hexes
 - Level 3.0 Summonings
 - Level 12.0 Transmutations
 - Level 4.0 Air Magic
 - Level 10.0 Poison Magic
 - Level 20.0 Invocations
 - Level 6.0 Evocations


You had 25 spell levels left.
You knew the following spells:

 Your Spells              Type           Power      Damage    Failure   Level
a - Sting                 Tmut/Pois      100%       1d8       1%          1
b - Poisonous Vapours     Pois/Air       74%        N/A       1%          2
c - Call Imp              Summ           46%        N/A       9%          2
d - Olgreb's Toxic Radia  Pois           48%        N/A       3%          4
e - Mephitic Cloud        Conj/Pois/Air  42%        N/A       1%          3
f - Irradiate             Conj/Tmut      26%        3d20      4%          5
g - Wereblood             Tmut           54%        N/A       1%          2
h - Swiftness             Air            27%        N/A       11%         3
i - Yara's Violent Unrav  Hex/Tmut       24%        3d11      9%          5

Your spell library contained the following spells:

 Spells                   Type           Power      Damage    Failure   Level
 Foxfire                  Conj/Fire      100%       2x1d9     1%          1
 Kiss of Death            Conj/Necr      100%       2d13      1%          1
 Magic Dart               Conj           100%       1d8       1%          1
 Shock                    Conj/Air       100%       1d9       1%          1
 Jinxbite                 Hex            82%        N/A       1%          2
 Static Discharge         Conj/Air       78%        3-7/arc   1%          2
 Passwall                 Tmut/Erth      28%        N/A       2%          2
 Sigil of Binding         Hex            41%        N/A       2%          3
 Tukima's Dance           Hex            41%        N/A       2%          3
 Momentum Strike          Conj/Tloc      64%        3d9       3%          2
 Fulminant Prism          Conj/Hex       23%        3d12      3%          4
 Cigotuvi's Dreadful Rot  Necr/Pois/Air  58%        N/A       4%          2
 Ensorcelled Hibernation  Hex/Ice        54%        N/A       5%          2
 Hailstorm                Conj/Ice       32%        3d8       6%          3
 Stone Arrow              Conj/Erth      64%        3d11      6%          3
 Alistair's Intoxication  Tmut/Pois      34%        N/A       6%          5
 Iskenderun's Battlesphe  Conj           51%        2d10      6%          5
 Petrify                  Tmut/Erth      34%        N/A       16%         4
 Call Canine Familiar     Summ           23%        N/A       17%         3
 Apportation              Tloc           24%        N/A       19%         1
 Sandblast                Erth           24%        2d8       19%         1
 Brom's Barrelling Bould  Conj/Erth      32%        2d5       21%         4
 Flame Wave               Conj/Fire      32%        2d9       21%         4
 Iskenderun's Mystic Bla  Conj/Tloc      32%        2d8       21%         4
 Blink                    Tloc           24%        N/A       28%         2
 Lesser Beckoning         Tloc           24%        N/A       28%         2
 Scorch                   Fire           24%        2d6       28%         2
 Sublimation of Blood     Necr           12%        N/A       28%         2
 Eringya's Noxious Bog    Tmut/Pois      25%        4d6       32%         6
 Airstrike                Air            13%        2d(2-18)  36%         4
 Anguish                  Hex/Necr       13%        N/A       36%         4
 Dimensional Bullseye     Hex/Tloc       13%        N/A       36%         4
 Leda's Liquefaction      Hex/Erth       13%        N/A       36%         4
 Summon Lightning Spire   Summ/Air       25%        N/A       41%         4
 Frozen Ramparts          Ice            24%        1d4       50%         3
 Gell's Gravitas          Tloc           12%        N/A       50%         3
 Ozocubu's Armour         Ice            12%        N/A       50%         3
 Teleport Other           Tloc           12%        N/A       50%         3
 Vampiric Draining        Necr           12%        2d6       50%         3
 Volatile Blastmotes      Fire/Tloc      24%        2d12      50%         3
 Summon Mana Viper        Hex/Summ       32%        N/A       50%         5
 Animate Armour           Summ/Erth      36%        N/A       71%         4
 Summon Ice Beast         Ice/Summ       18%        N/A       71%         4
 Metabolic Englaciation   Hex/Ice        13%        N/A       71%         5
 Conjure Ball Lightning   Conj/Air       19%        3x3d6     80%         6
 Dispel Undead            Necr           12%        3d9       88%         4
 Manifold Assault         Tloc           12%        N/A       88%         4
 Passage of Golubria      Tloc           12%        N/A       88%         4
 Summon Forest            Summ/Tloc      9%         N/A       96%         5
 Bombard                  Conj/Erth      16%        9d3       97%         6
 Starburst                Conj/Fire      16%        6d6       97%         6
 Agony                    Necr           12%        N/A       99%         5
 Borgnjor's Vile Clutch   Necr/Erth      6%         N/A       99%         5
 Lee's Rapid Deconstruct  Erth           6%         3d6*      99%         5
 Death Channel            Necr           6%         N/A       100%        6
 Dispersal                Tloc           6%         N/A       100%        6
 Plasma Beam              Fire/Air       9%         2x1d20    100%        6
 Simulacrum               Ice/Necr       6%         N/A       100%        6
 Summon Cactus Giant      Summ           11%        N/A       100%        6
 Haunt                    Necr/Summ      9%         N/A       100%        7
 Spellforged Servitor     Conj/Summ      18%        N/A       100%        7
 Summon Hydra             Summ           11%        N/A       100%        7
 Borgnjor's Revivificati  Necr           6%         N/A       100%        8
 Discord                  Hex            20%        N/A       100%        8
 Disjunction              Tloc           6%         N/A       100%        8
 Ignition                 Fire           6%         3d4       100%        8
 Infestation              Necr           6%         N/A       100%        8
 Lehudib's Crystal Spear  Conj/Erth      16%        10d5      100%        8
 Death's Door             Necr           6%         N/A       100%        9
 Fire Storm               Conj/Fire      16%        8d4       100%        9

Inventory:

Hand Weapons
 a - a +9 rapier of draining {short}
   (You found it on level 5 of the Dungeon)
 r - the +7 quick blade "Reguw" (weapon) {antimagic, rElec rC+ Stlth+, short}
   (You acquired it on level 3 of the Crypt)

   rC+:       It protects you from cold.
   rElec:     It insulates you from electricity.
   Stlth+:    It makes you more stealthy.
 B - a +6 heavy quick blade {short}
   (You took it off a spriggan defender on level 3 of the Depths)
 D - the +10 rapier of the Evening {flame, rC+ rCorr Int-3, short}
   (You took it off a deep elf sorcerer on level 3 of the Elven Halls)

   Int-3:     It affects your intelligence (-3).
   rC+:       It protects you from cold.
   rCorr:     It protects you from acid and corrosion.
Armour
 h - the +4 ring mail of the Kappa (worn) {rPois}
   (You found it on level 9 of the Dungeon)

   rPois:     It protects you from poison
 j - the +6 tower shield of Tapliolo (worn) {Will+ Str+4}
   (You acquired it on level 15 of the Dungeon)

   Str+4:     It affects your strength (+4).
   Will+:     It increases your willpower.
 u - a +2 helmet of see invisible (worn)
   (You found it on level 7 of the Dungeon)
 J - the scarf of Uriong (worn) {shadows, rF+ rN+}
   (You found it in a treasure trove)

   rF+:       It protects you from fire.
   rN+:       It protects you from negative energy.
 W - the +0 pair of gloves "Eluwn" (worn) {rElec Dex+3}
   (You found it on level 4 of the Spider Nest)

   Dex+3:     It affects your dexterity (+3).
   rElec:     It insulates you from electricity.
Magical Staves
 b - the staff of Ucuajauj {rElec rF+ Int+6 Air, !astaff}
   (You found it on level 4 of the Shoals)

   [staff of air]

   Base accuracy: +5 Base damage: 5 Base attack delay: 1.2 This weapon's minimum
   attack delay (0.6) is reached at skill level 12.
   Int+6:     It affects your intelligence (+6).
   rF+:       It protects you from fire.
   rElec:     It insulates you from electricity.
   Air:       It increases the power of your Air spells.
   It falls into the 'Staves' category.
   It is a one-handed weapon.
Jewellery
 e - the ring "Iwaimem" {rElec rN+ Will+ Int-3 Dex+2}
   (You found it on level 5 of the Pits of Slime)

   [ring of willpower]

   Int-3:     It affects your intelligence (-3).
   Dex+2:     It affects your dexterity (+2).
   rElec:     It insulates you from electricity.
   rN+:       It protects you from negative energy.
   Will+:     It increases your willpower.
 g - the ring of the Devil's Advocate (left hand) {EV+5 Dex+6}
   (You found it on level 5 of the Pits of Slime)

   [ring of evasion]

   EV+5:      It affects your evasion (+5).
   Dex+6:     It affects your dexterity (+6).
 i - the ring "Alont" (right hand) {Contam rF++ rC+, =R}
   (You found it in a Gauntlet)

   [ring of protection from cold]

   rF++:      It greatly protects you from fire.
   rC+:       It protects you from cold.
   Contam:    It causes magical contamination when unequipped.
 n - a ring of flight
   (You found it on level 2 of the Dungeon)
 w - the brooch of Shielding (around neck) {Spirit SH+8}
   (You bought it in a shop on level 4 of the Vaults)

   [amulet of guardian spirit]

   Spirit:    It causes incoming damage to be divided between your reserves of
   health and magic.
   SH+8:      It affects your SH (+8).
 x - a +4 ring of slaying
   (You took it off an ancient champion on level 2 of the Crypt)
 C - the ring "Zunla" {rPois rC+ Str+3}
   (You acquired it on level 3 of the Elven Halls)

   [ring of poison resistance]

   Str+3:     It affects your strength (+3).
   rC+:       It protects you from cold.
   rPois:     It protects you from poison
 P - an amulet of regeneration {@e2}
   (You took it off a draconian stormcaller on level 5 of the Realm of Zot)
 V - the ring of Siciudesm {rPois rCorr SInv}
   (You took it off an ironbound convoker on level 1 of the Vaults)

   [ring of resist corrosion]

   rPois:     It protects you from poison SInv: It lets you see invisible.
   rCorr:     It protects you from acid and corrosion.
Wands
 l - a wand of flame (118)
   (You found it in a Gauntlet)
 q - a wand of digging (32)
   (You found it on level 6 of the Dungeon)
 t - a wand of acid (22)
   (You found it on level 4 of the Vaults)
 y - a wand of polymorph (60)
   (You found it in a Gauntlet)
 H - a wand of paralysis (49)
   (You took it off an orc on level 8 of the Dungeon)
 I - a wand of roots (20)
   (You found it on level 9 of the Dungeon)
 Q - a wand of mindburst (8)
   (You found it on level 1 of the Depths)
Scrolls
 f - 4 scrolls of poison {!r}
 k - 14 scrolls of immolation {!r!r}
 m - 11 scrolls of teleportation {@r4}
 E - 4 scrolls of fog
 F - 5 scrolls of amnesia
 N - 6 scrolls of fear
 S - 5 scrolls of silence {!r}
 T - 9 scrolls of blinking {!r}
 U - a scroll of enchant armour
Potions
 c - 10 potions of brilliance
 d - 7 potions of enlightenment
 o - 3 potions of ambrosia
 p - 7 potions of mutation {!q}
 s - 7 potions of might
 z - 4 potions of haste {@q3}
 A - 7 potions of curing {@q1}
 G - 5 potions of resistance
 L - 11 potions of heal wounds {@q2}
 O - a potion of cancellation
 R - 5 potions of magic
Miscellaneous
 v - a phial of floods
   (You found it on level 5 of the Vaults)
 K - a phantom mirror (inert)
   (You found it on level 5 of the Vaults)
 M - a lightning rod (4/4)
   (You found it on level 4 of the Shoals)
 Y - a condenser vane
   (You found it on level 5 of the Vaults)

Dungeon Overview and Level Annotations

Branches:
Dungeon (15/15)            Temple (0/1) D:6            Lair (5/5) D:10
 Shoals (4/4) Lair:3       Spider (4/4) Lair:2        Slime (5/5) Lair:5
    Orc (2/2) D:9             Elf (3/3) Orc:2        Vaults (5/5) D:14
  Crypt (3/3) Vaults:3       Tomb (0/3) Crypt:3      Depths (4/4) D:15
    Zot (5/5) Depths:4     Bailey (visited)           IceCv (visited)
 WizLab (visited)         Gauntlet (visited)

Altars:
Cheibriados
Fedhas
Gozag
Kikubaaqudgha
Makhleb
Nemelex Xobeh
Okawaru
Qazlal
Ru
Uskayaw
Xom
Yredelemnul
Jiyva

Shops:
D:2 (   D:6 (   D:7 =   D:9 *   D:14 *   Orc:2 !**:   Elf:1 =?*![   Elf:2 (
Shoals:1 *   Shoals:2 [[   Vaults:4 [*!?=   Vaults:5 =   Depths:1 *

Portals:
Hell: Depths:1 Depths:2 Depths:3 Depths:4
Abyss: D:6 Depths:1 Depths:2 Depths:3 Depths:4
Pandemonium: Depths:2
Ziggurat: Depths:1

Annotations:
D:3 1 runed translucent door, Crazy Yiuf
Lair:1 exclusion: lindwurm
Slime:5 Royal Jelly
Elf:2 5 runed translucent doors, mopl's ghost, adept DEEn
Elf:3 Roxanne
Vaults:3 3 runed translucent doors, Fieg's ghost, veteran HuWn
Depths:2 2 transporters, Kitsup's ghost, adept HOMo
Depths:4 Parghit
Zot:5 exclusion: 2 upstairs

.# #.# #..## #.# #.##.# .# #.#
#...# #.# #.##.# .# #.## #.#'#
#.# ##.##.# .# #..# #.#.#
#.####...#.# .#####.## ##.#'#
#......#...# โ€
.......#####..#.##########...###
.#####..#.....##'##..........##
## #..#.#####...#####.###### #
#..#.'.'.'.@.'.'.'.# #
#..#.#####...#######
######..#.###.##'##
#.....รท.......##.#
.....#..########'# #.####..# #.#
........# ##'## #.####.## #...#
#.####.########.###


There were no monsters in sight!


Message History

A red devil comes into view.
It is wielding a +0 trident. ๐Ÿ˜Ž HP[+2]
Your hp is fully restored (252).
There is a stone staircase leading up here.
You climb upwards.
There is a stone staircase leading down here.
What level of the Dungeon? (default 1, ? - help)
There is a stone staircase leading up here.
You climb upwards.
There is a stone staircase leading down here.
A hellwing comes into view.
You block the hellwing's attack. x2
You hit the hellwing but do no damage. x2
You kick the hellwing, but do no damage.
You hit the hellwing but do no damage. Your kick misses the hellwing.
You hit the hellwing but do no damage. Your kick misses the hellwing.
You block the hellwing's attack. x2
You hit the hellwing but do no damage. Your kick misses the hellwing.
You puncture the hellwing!
You kick the hellwing, but do no damage.
You hit the hellwing but do no damage. Your kick misses the hellwing.
You hit the hellwing but do no damage. You kick the hellwing.
You block the hellwing's attack. The hellwing completely misses you.
You hit the hellwing but do no damage. x2; You kick the hellwing.
You block the hellwing's attack. x2
You hit the hellwing.
You kick the hellwing, but do no damage.
You closely miss the hellwing. You kick the hellwing. You hit the hellwing.
You kick the hellwing, but do no damage.
You barely miss the hellwing. You block the hellwing's attack. x2
You completely miss the hellwing.
You kick the hellwing, but do no damage.
You puncture the hellwing! You closely miss the hellwing.
You kick the hellwing. You hit the hellwing but do no damage.
You kick the hellwing, but do no damage.
You block the hellwing's attack. The hellwing completely misses you.
You hit the hellwing. Your kick misses the hellwing.
You hit the hellwing but do no damage.
You kick the hellwing, but do no damage.
You block the hellwing's attack. x2
You barely miss the hellwing.
You kick the hellwing, but do no damage.
You hit the hellwing. Your kick misses the hellwing. You puncture the hellwing!
Your kick misses the hellwing. You hit the hellwing.
You kill the hellwing!
Fedhas accepts your kill.
No target in view!
No target in view!
What level of the Dungeon? (default 1, ? - help)
There is an open door here.
There is a stone staircase leading up here.
You climb upwards.
Level annotation: 1 runed translucent door, Crazy Yiuf
There is a stone staircase leading down here.
There is a stone staircase leading up here.
You climb upwards.
There is a stone staircase leading down here.
A sun demon comes into view.
You block the sun demon's attack.
You hit the sun demon but do no damage. You kick the sun demon.
You barely miss the sun demon. You kick the sun demon.
You completely miss the sun demon. You hit the sun demon but do no damage.
You kick the sun demon! You block the sun demon's attack.
You closely miss the sun demon.
You kick the sun demon, but do no damage.
You puncture the sun demon!
You kick the sun demon, but do no damage.
The sun demon completely misses you.
You puncture the sun demon!
You kick the sun demon, but do no damage.
You puncture the sun demon! Your kick misses the sun demon.
The sun demon closely misses you.
You puncture the sun demon!
You kill the sun demon!
Fedhas accepts your kill.
There is an escape hatch in the floor here.
Aiming: Dig
Press: ? - help, Shift-Dir - straight line, f - you Please select a direction to dig.
This square is covered in magical glow.
Okay, then.
Unknown command.
Aiming: Dig
Press: ? - help, Shift-Dir - straight line A rock wall.
This square is covered in magical glow.
The rock shatters into small pieces.
Malevolent energies surge around you.
There is a stone staircase leading up here.
You climb upwards.
There is a stone staircase leading down here.
What level of the Dungeon? (default 1, ? - help)
Okay, then.
Unknown command.
There is an open door here.
There is an open door here.
There is an open door here.
There is a staircase leading out of the dungeon here.
You have escaped!

Skill      XL: |  1  2  3  4  5  6  7  8  9 10 11 12 13 14 15 16 17 18 19 20 21 22 23 24 25 |
---------------+----------------------------------------------------------------------------+-----
Poison Magic   | 4 5 7 8 9 10 | 10.0
Summonings     | 2 3 |  3.0
Spellcasting   | 4 5 6 9 13 14 | 14.0
Fighting       | 4 6 9 10 11 14 18 19 20 | 20.0
Short Blades   | 5 6 10 13 14 | 14.0
Dodging        | 6 7 8 9 13 14 15 18 | 18.2
Conjurations   | 2 3 4 7 9 10 11 | 11.0
Air Magic      | 2 3 4 |  4.0
Invocations    | 10 14 17 20 | 20.0
Armour         | 5 6 8 10 | 10.0
Shields        | 5 6 11 16 17 18 20 | 20.0
Evocations     | 6 |  6.0
Transmutations | 1 6 10 12 | 12.0
Stealth        | 3 4 |  4.0
Hexes          | 8 |  8.0

Action                     |  1- 3 |  4- 6 |  7- 9 | 10-12 | 13-15 | 16-18 | 19-21 | 22-24 | 25-27 || total
---------------------------+-------+-------+-------+-------+-------+-------+-------+-------+-------++-------
  Melee: Mace              |    13 |       |       |       |       |       |       |       |       ||    13
         Dagger            |    34 |    71 |       |       |       |       |       |       |       ||   105
         Kick              |     6 |    23 |    49 |    22 |    51 |       |   698 |  1734 |   324 ||  2907
         Short sword       |       |    26 |       |       |       |       |       |       |       ||    26
         Rapier            |       |       |   155 |   297 |   868 |  1009 |  1714 |  2655 |       ||  6698
         Punch             |       |       |       |     4 |       |       |       |       |       ||     4
         Quick blade       |       |       |       |       |       |       |       |   254 |   514 ||   768
   Cast: Sting             |    23 |    11 |     1 |     3 |       |       |       |       |       ||    38
         Poisonous Vapours |    27 |    77 |    24 |     3 |     1 |       |       |       |       ||   132
         Call Imp          |       |    17 |    30 |    29 |    14 |     1 |       |       |       ||    91
         Olgreb's Toxic Ra |       |       |    52 |    93 |   162 |   197 |    48 |    14 |     2 ||   568
         Mephitic Cloud    |       |       |       |    32 |    89 |    68 |    19 |    17 |     2 ||   227
         Irradiate         |       |       |       |       |     2 |    96 |    85 |   122 |     6 ||   311
         Wereblood         |       |       |       |       |       |     6 |     9 |     8 |     3 ||    26
         Yara's Violent Un |       |       |       |       |       |       |     2 |    16 |     4 ||    22
 Invoke: Grow Ballistomyce |       |       |       |     9 |    20 |    23 |    15 |    17 |     3 ||    87
         Wall of Briars    |       |       |       |     1 |     5 |     1 |     5 |     4 |       ||    16
         Grow Oklob        |       |       |       |       |     4 |     3 |    10 |    16 |       ||    33
         Overgrow          |       |       |       |       |       |       |       |     4 |       ||     4
  Evoke: Wand              |       |     5 |     2 |    14 |    11 |    16 |    13 |     8 |     3 ||    72
         Lightning rod     |       |       |       |       |       |     5 |     2 |    12 |       ||    19
         Condenser vane    |       |       |       |       |       |       |       |     2 |     1 ||     3
         Phantom mirror    |       |       |       |       |       |       |       |     1 |     1 ||     2
    Use: Scroll            |       |     3 |    16 |    11 |    14 |     9 |     8 |    30 |       ||    91
         Potion            |       |       |       |     6 |     8 |     8 |     1 |     9 |    11 ||    43
   Stab: Sleeping          |       |       |     3 |     4 |     6 |     5 |    12 |     4 |       ||    34
         Paralysed         |       |       |       |    14 |    57 |    80 |    44 |    58 |     2 ||   255
         Distracted        |       |       |       |     1 |     2 |     1 |     5 |    19 |       ||    28
         Confused          |       |       |       |    11 |    50 |    53 |    22 |    11 |     6 ||   153
         Invisible         |       |       |       |       |       |       |       |     8 |    10 ||    18
 Armour: Robe              |    30 |    50 |    78 |   104 |       |       |       |       |       ||   262
         Ring mail         |       |       |    10 |    34 |   440 |   484 |   296 |   395 |    41 ||  1700
  Dodge: Dodged            |    63 |    76 |   115 |   152 |   375 |   651 |   333 |   651 |    58 ||  2474
         Repelled          |       |       |       |       |       |       |     1 |    24 |     4 ||    29
  Block: Other             |       |       |     8 |     9 |       |       |       |       |       ||    17
         Reflection        |       |       |     3 |     2 |    25 |    40 |    90 |       |       ||   160
         Buckler           |       |       |       |   105 |   409 |   487 |       |       |       ||  1001
         Tower shield      |       |       |       |       |       |    10 |  1714 |  3149 |   213 ||  5086

Levels and vault maps discovered:
D:1:      minmay_arrival_doors, layout_loops_ring, serial_forest,
          infiniplex_forest_3_way, infiniplex_forest_clump_small,
          infiniplex_forest_end_1, infiniplex_forest_lined_room_2,
          infiniplex_forest_end_1, infiniplex_forest_clump_double,
          infiniplex_forest_lined_4_way
D:2:      layout_basic, serial_shops, shop, chequers_ecumenical_altar_island,
          skrybe_limestone_x, uniq_sigmund
D:3:      layout_rooms, mainiacjoe_overflow_two_lobes, gammafunk_ghost_split,
          uniq_crazy_yiuf_cottage
D:4:      layout_basic
D:5:      layout_cave_pools, fedhas_altar_3, grunt_decor_junction
D:6:      layout_loops_ring, minmay_temple_entry_sparse_star,
          gammafunk_ghost_abyssal_escape, serial_shops,
          nicolae_shop_back_alley_shop, uniq_menkaure
D:7:      layout_basic, nemelex_dance_club_becter, serial_bayou,
          serial_bayou_shore_b, serial_bayou_pond_c, serial_bayou_lagoon_a,
          serial_bayou_pond_b, serial_bayou_pond_a, serial_bayou_lake_a,
          serial_shops, nicolae_shop_gaudy_bauble, minivault_1
D:8:      layout_loops_ring, grunt_temple_overflow_champion_of_chaos,
          nicolae_ru_awakened_eye, hex_medium
D:9:      layout_loops_ring, okawaru_humans, orc_0_dummy, enter_bailey_3,
          serial_shops, nicolae_shop_rolling_square, uniq_joseph
D:10:     layout_rooms, lair_entry_dummy, minivault_5, st_stairs_7
D:11:     kennysheep_blocky_room, layout_cave_pools, kennysheep_donut,
          uniq_erolcha
D:12:     layout_gridville, uniq_jorgrun
D:13:     minmay_cut_squares, layout_grid_maze, minmay_guarded_unrand_finisher
D:14:     layout_grid_maze, erik_vaults_2, serial_shops, kennysheep_mini,
          nicolae_uskayaw_suspiria, uniq_nessos
D:15:     hangedman_depths_entry_try_elsewhere_first, layout_irregular_city,
          kiku_gazebo_pond_becter, portal_ice_cave_entry_pillars_1
Lair:1:   layout_regular_city, gauntlet_entry_generic,
          nicolae_volcano_entry_vermiform, gammafunk_lair_bear_cave
Lair:2:   layout_hall_layers, hellmonk_spider_entry_not_the_bees
Lair:3:   layout_regular_city, elwin_shoals_entry_rocks, lemuel_fruit_tree,
          infiniplex_staircase_pool_2, uniq_urug, uniq_snorg, uniq_sonja
Lair:4:   wad_woods_structure_01, layout_regular_city
Lair:5:   minmay_lair_end_enchanted_forest, layout_misc_corridors,
          slime_entry_1, serial_bayou_pond_c, chequers_serial_rivers_micro_c,
          grunt_megastairs_5, uniq_rupert
Shoals:1: nicolae_shoals_island_circles, layout_shoals,
          nicolae_shop_overcharged_wands
Shoals:2: layout_shoals, serial_shops, shop, nicolae_shop_dealshenge,
          uniq_polyphemus
Shoals:3: layout_shoals, nicolae_shoals_elemental_ambush
Shoals:4: shoals_end_grunt_garden, layout_shoals, uniq_donald
Spider:1: layout_spider_delve
Spider:2: layout_spider_delve, nicolae_spider_undead_wolf_pack,
          hangedman_spider_tarantella_strand
Spider:3: cheibrodos_spider_deadly_dance
Spider:4: grunt_spider_rune_parallel, uniq_asterion
Slime:1:  cheibrodos_slime_lost_civilization_2, layout_caves,
          nicolae_slime_phagocytosis
Slime:2:  layout_caves
Slime:3:  cheibrodos_slime_lost_civilization_3, layout_caves
Slime:4:  layout_caves, basic_altar
Slime:5:  slime_pit_nicolae_amoeboid
Orc:1:    layout_caves
Orc:2:    grunt_orc_tribal_feast, layout_caves, nicolae_orc_sculptors_studio
Elf:1:    layout_geoelf_diagonals, serial_shops, shop, minmay_elf_necromancy,
          kennysheep_underground_church, minmay_shoptagon, uniq_kirke
Elf:2:    nicolae_elf_blades_splatter_lattice [nooodl_blade_entry_preview],
          layout_loops_corners, ebering_ghost_disaster_area, serial_shops, shop,
          nicolae_elf_variegated_diamond
Elf:3:    minmay_elf_hall_hex, layout_gridlike, uniq_louise, uniq_roxanne
Vaults:1: nicolae_vaults_murder_corner, nicolae_vaults_closet_pinwheel_4,
          nicolae_vaults_cochlea, ontoclasm_vaults_fault,
          hangedman_vaults_slither, nicolae_vaults_hallways_thing,
          vaults_mumra_chevron, nicolae_vaults_house_2, vaults_room_fancy_cross,
          vaults_dpeg_cross, vaults_dpeg_hooks, layout_vaults_omnibox
Vaults:2: vaults_room_semicircle, ontoclasm_vaults_decontamination,
          vaults_room_hallway, nicolae_vaults_tetromino_T_2,
          nicolae_vaults_hexular_roomagon, nicolae_vaults_storage_closets_2,
          nicolae_vaults_trapezoid_lopsided_1, nicolae_vaults_apartment_1,
          nicolae_vaults_security_offices_2, nicolae_vaults_house_2,
          layout_vaults_omnigrid, nicolae_trove_entry_free_sample, uniq_mennas,
          uniq_nikola
Vaults:3: gammafunk_ghost_split, hangedman_vaults_snaps,
          minmay_crypt_entry_necro_gods, ontoclasm_vaults_spin,
          nicolae_vaults_alarming, nicolae_vaults_ninety_degrees, v_misc_3,
          nicolae_vaults_double_plus_3, nicolae_vaults_trapezoid_4,
          hangedman_vaults_corner_blocks, vaults_mumra_hexcomb,
          layout_vaults_omnicross
Vaults:4: mu_enter_wizlab_4, nicolae_vaults_closet_pinwheel_2,
          vaults_room_semicircle, nicolae_vaults_offset_grid_hallway_4,
          nicolae_vaults_house_2, ontoclasm_vaults_tryst,
          nicolae_vaults_diamond_2, v_misc_22, ontoclasm_vaults_misaligned,
          nicolae_vaults_tetromino_Z_1, nicolae_vaults_diagonal_hallway_7,
          layout_vaults_chaotic_city, serial_shops, nicolae_square_shop, shop,
          nicolae_shop_behind_doors, shop, shop, uniq_boris
Vaults:5: serial_shops
Crypt:1:  layout_misc_corridors, grunt_crypt_arrival_split, grunt_megastairs_1
Crypt:2:  layout_rooms
Crypt:3:  grunt_crypt_end_deaths_head
Depths:1: layout_big_octagon, enter_ziggurat_b, serial_shops, shop_fountains,
          nicolae_qazlal_scattered_showers, hell_entry,
          hangedman_abyss_entry_splay, hangedman_decor_push,
          kennysheep_generic_room_2
Depths:2: minmay_mutant_horseshoe, layout_basic, rand_demon_pan_entry_7,
          hell_entry, gammafunk_ghost_mausoleum, abyss_entry,
          nrook_mini_backslash, cheibriados_altar_1, serial_bayou_shore_a,
          minmay_staircase_windowed_large, firewood_loft
Depths:3: minmay_the_grid_octo_tiled_octocenter_mashed
          [minmay_the_grid_octo_checkered, minmay_the_grid_octo_chip,
          minmay_the_grid_octo_fan_narrow, minmay_the_grid_octo_tetromino_candy,
          minmay_the_grid_octo_prize_big_c, minmay_the_grid_square_5x5_meh,
          minmay_the_grid_square_5x5_minibox, minmay_the_grid_square_5x5_eight,
          minmay_the_grid_square_5x5_three_small], layout_honeycomb, hell_entry,
          grunt_gozag_breadcrumbs, abyss_entry, uniq_margery
Depths:4: grunt_zot_entry_gee_three, layout_honeycomb, pf_hell_entry_tar_river,
          abyss_entry, serial_sigils_hangedman_confine, uniq_parghit
Zot:1:    layout_gridville
Zot:2:    gammafunk_sealed_arena, layout_concentric_octagons, uniq_vv
Zot:3:    layout_concentric_octagons, regret_index_zotdec_onion_hex
Zot:4:    layout_cellular_growth, hangedman_zot_decor_unnerving_road,
          regret_index_zotdec_ceiling_fans
Zot:5:    layout_misc_corridors

Notes
Turn   | Place    | Note
-------+----------+-------------------------------------------
     0 | D:1      | MackTheKnife the Demonspawn Venom Mage began the quest for
                  | the Orb.
     0 | D:1      | Reached XP level 1. HP: 13/13 MP: 3/3
     0 | D:1      | magus.rc [v1.9.6]
    44 | D:1      | You pick up a book of Chaos and begin reading...
    44 | D:1      | You add the spells Conjure Ball Lightning, Disjunction and
                  | Discord to your library.
   621 | D:1      | Gained mutation: You have large cloven feet. [demonic
                  | ancestry]
   621 | D:1      | Reached XP level 2. HP: 19/19 MP: 0/5
   782 | D:1      | Learned a level 2 spell: Poisonous Vapours
  1211 | D:1      | Reached skill level 4 in Poison Magic
  1393 | D:1      | Reached XP level 3. HP: 24/24 MP: 0/6
  1538 | D:2      | Noticed Sigmund
  2244 | D:2      | Reached XP level 4. HP: 30/30 MP: 1/7
  2319 | D:2      | Reached skill level 5 in Poison Magic
  2497 | D:2      | You pick up a book of Minor Magic and begin reading...
  2497 | D:2      | You add the spells Magic Dart and Call Imp to your library.
  2539 | D:3      | Learned a level 2 spell: Call Imp
  3169 | D:3      | Reached skill level 1 in Summonings
  3198 | D:3      | Found a stormy altar of Qazlal.
  3249 | D:3      | Found a runed translucent door.
  3250 | D:3      | Noticed Crazy Yiuf
  3475 | D:3      | Found a runed translucent gate.
  3477 | D:3      | Found a runed translucent gate.
  3479 | D:3      | Found a runed translucent gate.
  3479 | D:3      | Noticed MrCrawl's ghost (amateur DrFE)
  3480 | D:3      | Noticed a phantom
  3582 | D:3      | Reached skill level 2 in Summonings
  3835 | D:4      | HP: 7/30 [hound (4)]
  3837 | D:4      | Reached XP level 5. HP: 8/35 MP: 0/8
  3961 | D:4      | Reached skill level 3 in Summonings
  4286 | D:4      | Gained mutation: You are surrounded by a mild repulsion
                  | field. (EV +2) [demonic ancestry]
  4286 | D:4      | Reached XP level 6. HP: 41/41 MP: 2/9
  4411 | D:4      | Learned a level 4 spell: Olgreb's Toxic Radiance
  4443 | D:4      | Reached skill level 6 in Poison Magic
  4748 | D:4      | You pick up a book of Dreams and begin reading...
  4748 | D:4      | You add the spells Jinxbite, Ensorcelled Hibernation and
                  | Anguish to your library.
  6300 | D:4      | Reached skill level 7 in Poison Magic
  6535 | D:5      | Entered Level 5 of the Dungeon
  6638 | D:5      | Found a blossoming altar of Fedhas.
  6650 | D:5      | Became a worshipper of Fedhas Madash
  6760 | D:5      | Noticed a water moccasin
  6765 | D:5      | Killed a water moccasin
  6766 | D:5      | Reached XP level 7. HP: 42/46 MP: 10/10
  6831 | D:5      | Reached skill level 8 in Poison Magic
  7498 | D:6      | Found a staircase to the Ecumenical Temple.
  7821 | D:6      | Reached skill level 3 in Spellcasting
  7965 | D:6      | Reached skill level 4 in Spellcasting
  7965 | D:6      | Gained mutation: You may rarely emit foul miasma when
                  | damaged in melee. [demonic ancestry]
  7965 | D:6      | Reached XP level 8. HP: 42/53 MP: 12/14
  8122 | D:6      | Reached skill level 1 in Fighting
  8122 | D:6      | Reached skill level 1 in Short Blades
  8291 | D:6      | Noticed Menkaure
  8375 | D:6      | Found a transporter.
  8502 | D:6      | Found a one-way gate to the infinite horrors of the Abyss.
  8502 | D:6      | Noticed Azuregosa's ghost (weakling OpDe)
  8542 | D:6      | Found a transporter.
  8552 | D:6      | Noticed a rakshasa
  8682 | D:6      | Found Kirallum's Weapon Boutique.
  8925 | D:7      | Reached skill level 2 in Fighting
  8925 | D:7      | Reached skill level 2 in Short Blades
  9045 | D:7      | Reached skill level 3 in Fighting
  9102 | D:7      | Reached skill level 3 in Short Blades
  9299 | D:7      | Found a sparkling altar of Nemelex Xobeh.
  9341 | D:7      | Reached skill level 4 in Fighting
  9452 | D:7      | Reached * piety under Fedhas
  9516 | D:7      | You pick up a book of Spatial Translocations and begin
                  | reading...
  9516 | D:7      | You add the spells Blink, Momentum Strike and Lesser
                  | Beckoning to your library.
  9530 | D:7      | Reached skill level 4 in Short Blades
  9757 | D:7      | Found Luonoeri's Jewellery Boutique.
  9924 | D:7      | Reached skill level 5 in Short Blades
  9933 | D:7      | Reached XP level 9. HP: 44/65 MP: 8/15
 10086 | D:7      | Reached skill level 2 in Dodging
 10391 | D:7      | magus.rc [v1.9.6]
 10538 | D:2      | Killed Sigmund
 10628 | D:2      | Found Sosinokk's Weapon Emporium.
 10734 | D:2      | Found a faded altar of an unknown god.
 10993 | D:8      | Found a sacrificial altar of Ru.
 11209 | D:8      | Paralysed by an orc for 5 turns
 11228 | D:8      | Reached skill level 3 in Dodging
 11543 | D:8      | Identified 3 scrolls of acquirement
 11544 | D:8      | Acquired 533 gold pieces
 11546 | D:8      | Identified the of Nuefoogen (You acquired it on level 8 of
                  | the Dungeon)
 11546 | D:8      | Acquired Rokhlyip's Secrets of Terrestrial Therianthropy
 11547 | D:8      | You add the spells Wereblood, Petrify, Lee's Rapid
                  | Deconstruction, Borgnjor's Vile Clutch and Eringya's
                  | Noxious Bog to your library.
 11548 | D:8      | Identified the of Peobredi (You acquired it on level 8 of
                  | the Dungeon)
 11548 | D:8      | Acquired the Lectures on Translocated Bruises
 11549 | D:8      | You add the spells Fulminant Prism, Flame Wave, Dimensional
                  | Bullseye, Irradiate and Summon Forest to your library.
 11554 | D:8      | Learned a level 3 spell: Mephitic Cloud
 11701 | D:8      | Reached skill level 6 in Short Blades
 11814 | D:8      | Reached ** piety under Fedhas
 11869 | D:8      | Reached skill level 4 in Dodging
 11932 | D:8      | Found a burning altar of Makhleb.
 11932 | D:8      | Found a shimmering altar of Xom.
 12193 | D:9      | Identified the +4 ring mail of the Kappa {rPois}
 12225 | D:9      | Reached skill level 5 in Dodging
 12361 | D:9      | Found a flagged portal.
 12377 | Bailey   | Entered a bailey
 12404 | Bailey   | Reached skill level 6 in Dodging
 12679 | Bailey   | Reached skill level 1 in Conjurations
 12679 | Bailey   | Reached skill level 1 in Air Magic
 12936 | Bailey   | Reached skill level 2 in Conjurations
 13039 | Bailey   | Reached skill level 2 in Air Magic
 13116 | Bailey   | Gained mutation: Spells you cast may paralyse adjacent
                  | enemies. [demonic ancestry]
 13116 | Bailey   | Reached XP level 10. HP: 71/71 MP: 2/16
 13119 | Bailey   | Reached skill level 3 in Conjurations
 13120 | Bailey   | Reached *** piety under Fedhas
 13121 | Bailey   | Reached skill level 3 in Air Magic
 13213 | Bailey   | Found a bloodstained altar of Trog.
 13380 | D:9      | Reached skill level 2 in Invocations
 13400 | D:9      | Noticed Joseph
 13468 | D:9      | Found Wegoona's General Store.
 13472 | D:9      | Reached skill level 3 in Invocations
 13476 | D:9      | Bought a scroll of identify for 24 gold pieces
 13476 | D:9      | Bought a scroll of identify for 24 gold pieces
 13476 | D:9      | Bought a scroll of summoning for 114 gold pieces
 13479 | D:9      | Bought a ring of magical power for 240 gold pieces
 13527 | D:9      | Bought a scroll of enchant armour for 90 gold pieces
 13543 | D:9      | Reached skill level 4 in Invocations
 13693 | D:9      | Found an iron altar of Okawaru.
 13706 | D:9      | Reached skill level 5 in Invocations
 13795 | D:9      | Found a staircase to the Orcish Mines.
 13885 | D:9      | Reached skill level 6 in Invocations
 14013 | D:9      | Killed Joseph
 14014 | D:9      | Reached skill level 7 in Invocations
 14455 | D:10     | Entered Level 10 of the Dungeon
 14462 | D:10     | Reached skill level 8 in Invocations
 14511 | D:10     | Reached skill level 9 in Invocations
 14901 | D:10     | Reached skill level 10 in Invocations
 14975 | D:10     | You pick up a book of Blasting and begin reading...
 14975 | D:10     | You add the spells Volatile Blastmotes and Iskenderun's
                  | Mystic Blast to your library.
 15017 | D:10     | Found a staircase to the Lair.
 15141 | D:10     | You add the spells Gell's Gravitas, Teleport Other and
                  | Dispersal to your library.
 15159 | D:10     | Reached skill level 5 in Fighting
 15450 | Lair:1   | Entered Level 1 of the Lair of Beasts
 15453 | Lair:1   | Noticed a black mamba
 15461 | Lair:1   | Killed a black mamba
 15469 | Lair:1   | Found a gate leading to a gauntlet.
 15478 | Gauntlet | Entered a Gauntlet
 15478 | Gauntlet | Noticed a gargoyle
 15478 | Gauntlet | Found a transporter.
 15486 | Gauntlet | Noticed a molten gargoyle
 15507 | Gauntlet | Noticed a molten gargoyle
 15521 | Gauntlet | Noticed a catoblepas
 15523 | Gauntlet | Noticed a necromancer
 15571 | Gauntlet | Found a transporter.
 15571 | Gauntlet | Noticed a reaper
 15588 | Gauntlet | Found a transporter.
 15592 | Gauntlet | Found a transporter.
 15597 | Gauntlet | Noticed an apocalypse crab
 15613 | Gauntlet | Found a transporter.
 15626 | Gauntlet | Found a transporter.
 15632 | Gauntlet | Noticed a reaper
 15637 | Gauntlet | Noticed a death yak
 15638 | Gauntlet | Noticed a death yak
 15639 | Gauntlet | Noticed a death yak
 15639 | Gauntlet | Noticed a death yak
 15640 | Gauntlet | Found a transporter.
 15640 | Gauntlet | Noticed a death yak
 15640 | Gauntlet | Noticed a death yak
 15641 | Gauntlet | Noticed a necromancer
 15669 | Gauntlet | Found a transporter.
 15669 | Gauntlet | Found a transporter.
 15670 | Gauntlet | Noticed a death yak
 15671 | Gauntlet | Noticed a death yak
 15672 | Gauntlet | Noticed a death yak
 15672 | Gauntlet | Noticed a death yak
 15673 | Gauntlet | Noticed a death yak
 15674 | Gauntlet | Found a transporter.
 15708 | Gauntlet | Found a transporter.
 15708 | Gauntlet | Found a transporter.
 15863 | Gauntlet | Identified the amulet "Nuch" {Spirit Dex+3}
 15884 | Gauntlet | Killed an apocalypse crab
 15885 | Gauntlet | Reached skill level 6 in Fighting
 15885 | Gauntlet | Gained mutation: Spells you cast may paralyse nearby
                  | enemies. [demonic ancestry]
 15885 | Gauntlet | Reached XP level 11. HP: 81/81 MP: 18/18
 15964 | Gauntlet | Noticed a minotaur
 15976 | Gauntlet | HP: 20/81 [minotaur/silver javelin (36)]
 15981 | Gauntlet | Identified the ring "Alont" {Contam rF++ rC+}
 15982 | Gauntlet | You pick up a book of Dreams and begin reading...
 16031 | Lair:1   | Reached skill level 1 in Armour
 16135 | Lair:1   | Identified the +1 ring mail "Ruuvoffi" {*Slow +Blink rElec}
 16279 | Lair:1   | Reached skill level 1 in Shields
 16590 | Lair:1   | Reached skill level 2 in Armour
 16844 | Lair:1   | Noticed a lindwurm
 17145 | Lair:2   | Reached skill level 2 in Shields
 17149 | Lair:2   | Noticed a death yak
 17152 | Lair:2   | Noticed a death yak
 17156 | Lair:2   | Noticed a death yak
 17302 | Lair:2   | Reached skill level 3 in Armour
 17348 | Lair:2   | Reached skill level 3 in Shields
 17709 | Lair:2   | Reached skill level 4 in Armour
 17709 | Lair:2   | Reached skill level 4 in Shields
 17826 | Lair:2   | Reached skill level 5 in Shields
 17922 | Lair:2   | Reached skill level 1 in Evocations
 17962 | Lair:2   | Found a hole to the Spider Nest.
 17988 | Lair:2   | Reached skill level 2 in Evocations
 18229 | Lair:2   | Reached skill level 3 in Evocations
 18334 | Lair:2   | Killed a death yak
 18335 | Lair:2   | Reached skill level 4 in Evocations
 18345 | Lair:2   | Reached skill level 5 in Evocations
 18376 | Lair:2   | Noticed a death yak
 18407 | Lair:2   | Killed a death yak
 18413 | Lair:2   | Reached **** piety under Fedhas
 18414 | Lair:2   | Reached skill level 6 in Evocations
 18810 | Lair:2   | Killed a death yak
 18822 | Lair:2   | Killed a death yak
 18823 | Lair:2   | Reached skill level 5 in Armour
 18823 | Lair:2   | Reached XP level 12. HP: 47/88 MP: 0/19
 19377 | Lair:3   | Reached skill level 6 in Armour
 19636 | Lair:3   | Reached skill level 7 in Fighting
 19664 | Lair:2   | Reached skill level 8 in Fighting
 20141 | Lair:3   | Noticed a seven-headed hydra
 20157 | Lair:3   | Killed a seven-headed hydra
 20158 | Lair:3   | Reached skill level 9 in Fighting
 20167 | Lair:3   | Noticed Sonja
 20172 | Lair:3   | Killed Sonja
 20430 | Lair:3   | Noticed Snorg
 20450 | Lair:3   | Killed Snorg
 20509 | Lair:3   | You pick up a book of Spatial Translocations and begin
                  | reading...
 20557 | Lair:3   | Reached skill level 4 in Conjurations
 20622 | Lair:3   | Noticed Urug
 20641 | Lair:3   | Killed Urug
 20642 | Lair:3   | Reached skill level 4 in Air Magic
 20642 | Lair:3   | Reached skill level 9 in Poison Magic
 20750 | Lair:3   | Found a staircase to the Shoals.
 20779 | Lair:3   | Reached skill level 5 in Spellcasting
 20817 | Lair:3   | You pick up a book of the Hunter and begin reading...
 20817 | Lair:3   | You add the spells Sigil of Binding, Call Canine Familiar
                  | and Leda's Liquefaction to your library.
 21234 | Lair:4   | Gained mutation: You sometimes emit foul miasma when
                  | damaged in melee. [demonic ancestry]
 21234 | Lair:4   | Reached XP level 13. HP: 56/101 MP: 21/21
 21246 | Lair:4   | Reached skill level 6 in Spellcasting
 21420 | Lair:4   | Reached skill level 10 in Poison Magic
 21939 | Lair:4   | Identified the +2 war axe of Ofigy {holy, Contam rC+ Dex+2}
 22378 | Lair:4   | You pick up a book of Armaments and begin reading...
 22378 | Lair:4   | You add the spells Stone Arrow, Animate Armour and
                  | Lehudib's Crystal Spear to your library.
 22420 | Lair:4   | Reached skill level 7 in Short Blades
 22448 | Lair:4   | Reached skill level 10 in Fighting
 22925 | Lair:5   | Entered Level 5 of the Lair of Beasts
 23051 | Lair:5   | Reached skill level 8 in Short Blades
 23159 | Lair:5   | Reached ***** piety under Fedhas
 23175 | Lair:5   | Reached skill level 9 in Short Blades
 23663 | Lair:5   | Reached skill level 10 in Short Blades
 23946 | Lair:5   | Reached skill level 7 in Dodging
 24076 | Lair:5   | Gained mutation: You are surrounded by a moderate repulsion
                  | field. (EV +3) [demonic ancestry]
 24076 | Lair:5   | Reached XP level 14. HP: 110/110 MP: 21/23
 24198 | Lair:5   | Reached skill level 8 in Dodging
 24216 | Lair:5   | Noticed Rupert
 24501 | Orc:1    | Entered Level 1 of the Orcish Mines
 24916 | Orc:2    | Entered Level 2 of the Orcish Mines
 25386 | Orc:2    | Reached ****** piety under Fedhas
 25513 | Orc:2    | Reached skill level 6 in Shields
 25600 | Orc:1    | Reached skill level 7 in Armour
 26092 | Orc:2    | Reached skill level 8 in Armour
 26197 | Orc:2    | Found Avvey's Assorted Antiques.
 26197 | Orc:2    | Found Veje Bae's Distillery.
 26199 | Orc:2    | Found Ydyzuzy's Book Emporium.
 26199 | Orc:2    | Found Acuy's General Store.
 26211 | Orc:2    | Bought 2 potions of curing for 78 gold pieces
 26216 | Orc:2    | Bought 3 scrolls of blinking for 810 gold pieces
 26218 | Orc:2    | Bought a manual of Spellcasting for 1040 gold pieces
 26281 | Orc:2    | Found a staircase to the Elven Halls.
 26388 | Orc:1    | Reached skill level 5 in Conjurations
 26398 | Orc:1    | Reached skill level 7 in Spellcasting
 26724 | D:7      | Bought a ring of willpower for 325 gold pieces
 26867 | Lair:5   | Killed Rupert
 26868 | Lair:5   | Reached skill level 8 in Spellcasting
 26868 | Lair:5   | Reached skill level 6 in Conjurations
 27306 | Lair:5   | Found a viscous altar of Jiyva.
 27306 | Lair:5   | Found a staircase to the Slime Pits.
 27578 | D:10     | magus.rc [v1.9.6]
 27752 | D:11     | Learned a level 5 spell: Irradiate
 27866 | D:11     | Reached skill level 1 in Transmutations
 27904 | D:11     | Reached skill level 7 in Conjurations
 27912 | D:11     | Reached skill level 2 in Stealth
 27953 | D:11     | Reached skill level 9 in Spellcasting
 28317 | D:11     | Reached skill level 3 in Stealth
 28507 | D:11     | Noticed Erolcha
 28519 | D:11     | Killed Erolcha
 28616 | D:11     | You add the spells Tukima's Dance, Passage of Golubria and
                  | Yara's Violent Unravelling to your library.
 28685 | D:12     | Gained mutation: You have hoof-like feet. [demonic
                  | ancestry]
 28685 | D:12     | Reached XP level 15. HP: 99/115 MP: 22/28
 28989 | D:12     | Reached skill level 4 in Stealth
 29057 | D:12     | Reached skill level 10 in Spellcasting
 29085 | D:12     | Noticed Jorgrun
 29138 | D:12     | Killed Jorgrun
 29732 | D:13     | Identified the +4 orcbow "Ceopp" {flame, rC+ rN+ Str+4}
 29761 | D:13     | Reached skill level 2 in Transmutations
 30352 | D:13     | Reached skill level 11 in Spellcasting
 30383 | D:13     | You fall into a shaft and drop 1 floor!
 30418 | D:14     | Reached skill level 3 in Transmutations
 30719 | D:14     | Found a gate to the Vaults.
 30874 | D:14     | Noticed Nessos
 30877 | D:14     | Killed Nessos
 30885 | D:14     | Reached skill level 8 in Conjurations
 30936 | D:14     | Found a hide-covered altar of Uskayaw.
 31157 | D:14     | Reached skill level 4 in Transmutations
 31195 | D:14     | Reached skill level 12 in Spellcasting
 31453 | D:14     | Found Itteiz's Assorted Antiques.
 31456 | D:14     | Bought a scroll of blinking for 210 gold pieces
 31456 | D:14     | Bought a brightly glowing ring mail for 252 gold pieces
 31456 | D:14     | Identified the +0 ring mail of the Insatiable Xenops {rPois
                  | Regen+ Int+2 Slay+3} (You bought it in a shop on level 14
                  | of the Dungeon)
 31935 | D:13     | You pick up a book of Burglary and begin reading...
 31935 | D:13     | You add the spells Passwall and Swiftness to your library.
 32657 | D:13     | Found the +5 scythe "Finisher" {speed, execute}
 32778 | D:13     | Reached skill level 5 in Transmutations
 32899 | D:13     | Reached skill level 9 in Conjurations
 33295 | D:15     | Entered Level 15 of the Dungeon
 33474 | D:15     | Found a frozen archway.
 33495 | IceCv    | Entered an ice cave
 33508 | IceCv    | HP: 24/115 [lindwurm simulacrum (10)]
 33509 | IceCv    | Found a transporter.
 33512 | IceCv    | Found a transporter.
 33516 | IceCv    | HP: 28/115 [harpy simulacrum (3)]
 34315 | D:15     | Found a staircase to the Depths.
 34440 | D:15     | Acquired the +6 tower shield of Tapliolo {Will+ Str+4}
 34510 | D:15     | Found an ancient bone altar of Kikubaaqudgha.
 35024 | Spider:1 | Entered Level 1 of the Spider Nest
 35118 | Spider:1 | Reached skill level 6 in Transmutations
 35393 | Spider:1 | Reached skill level 13 in Spellcasting
 35393 | Spider:1 | Reached XP level 16. HP: 122/122 MP: 26/33
 35797 | Spider:1 | Reached skill level 10 in Conjurations
 36184 | Spider:1 | Reached skill level 7 in Transmutations
 36662 | Spider:1 | Learned a level 2 spell: Wereblood
 36670 | Spider:1 | Reached skill level 8 in Transmutations
 37795 | Spider:2 | Reached skill level 9 in Transmutations
 38606 | Spider:2 | Reached skill level 10 in Transmutations
 38841 | Spider:2 | magus.rc [v1.9.6]
 39460 | Spider:3 | Found a runed translucent door.
 39575 | Spider:3 | Gained mutation: You are strong-willed. (Will+) [mutagenic
                  | glow]
 39620 | Spider:2 | magus.rc [v1.9.6]
 39790 | Spider:3 | Reached skill level 9 in Dodging
 39829 | Spider:3 | You pick up a book of Dreams and begin reading...
 39894 | Spider:3 | You pick up a book of Spatial Translocations and begin
                  | reading...
 39988 | Spider:3 | magus.rc [v1.9.6]
 39996 | Spider:3 | Reached skill level 11 in Fighting
 40442 | Spider:3 | Reached XP level 17. HP: 93/131 MP: 29/34
 40448 | Spider:3 | HP: 25/131 [+0 scimitar (8)]
 40739 | Spider:4 | Entered Level 4 of the Spider Nest
 41115 | Spider:4 | Noticed Asterion
 41350 | Spider:4 | Killed Asterion
 41552 | Spider:4 | Reached skill level 12 in Fighting
 41554 | Spider:4 | Reached skill level 11 in Short Blades
 43136 | Spider:4 | Reached skill level 13 in Fighting
 43259 | Spider:4 | Reached skill level 12 in Short Blades
 43450 | Spider:4 | Got a gossamer rune of Zot
 43457 | Spider:4 | Identified the +0 pair of gloves "Eluwn" {rElec Dex+3}
 43705 | Shoals:1 | Entered Level 1 of the Shoals
 44294 | Shoals:1 | Found Ygest's Overcharged Wands.
 44470 | Shoals:1 | You pick up a book of the Tundra and begin reading...
 44470 | Shoals:1 | You add the spells Hailstorm, Summon Ice Beast and
                  | Simulacrum to your library.
 45120 | Orc:2    | Bought a potion of curing for 39 gold pieces
 45122 | Orc:2    | Bought 2 potions of curing for 72 gold pieces
 45122 | Orc:2    | Bought a scroll of enchant weapon for 90 gold pieces
 45323 | D:3      | Killed MrCrawl's ghost
 45493 | D:6      | Killed Azuregosa's ghost
 45645 | D:6      | Killed Menkaure
 45960 | Shoals:2 | Found Iqogoqet's Antique Armour Shoppe.
 45991 | Shoals:2 | Noticed Polyphemus
 46000 | Shoals:2 | HP: 33/138 [Polyphemus/large rock (13)]
 46010 | Shoals:2 | Killed Polyphemus
 46047 | Shoals:2 | Reached skill level 14 in Fighting
 46170 | Shoals:2 | Bought a pair of embroidered boots for 300 gold pieces
 46196 | Shoals:2 | Reached skill level 13 in Short Blades
 46321 | Shoals:2 | Reached XP level 18. HP: 123/146 MP: 17/35
 47001 | Shoals:2 | Found Giumifoe's Antique Armour Boutique.
 48413 | Shoals:4 | Entered Level 4 of the Shoals
 48423 | Shoals:4 | Reached skill level 14 in Short Blades
 48450 | Shoals:4 | Noticed Donald
 48464 | Shoals:4 | Killed Donald
 48465 | Shoals:4 | Reached skill level 7 in Shields
 48500 | Shoals:4 | Got a barnacled rune of Zot
 48773 | Shoals:4 | You pick up a book of the Wilderness and begin reading...
 48773 | Shoals:4 | You add the spells Summon Mana Viper and Summon Cactus
                  | Giant to your library.
 48806 | Shoals:3 | Reached skill level 8 in Shields
 49223 | Shoals:4 | Identified the staff of Nokkad {+Blink rPois rF+ Int-5
                  | Dex+2 Fire}
 49250 | Shoals:4 | Identified the staff of Ucuajauj {rElec rF+ Int+6 Air}
 49929 | Vaults:1 | Entered Level 1 of the Vaults
 49934 | Vaults:1 | Learned a level 3 spell: Swiftness
 49940 | Vaults:1 | Learned a level 5 spell: Yara's Violent Unravelling
 49990 | Vaults:1 | magus.rc [v1.9.6]
 50008 | Vaults:1 | Reached skill level 9 in Shields
 50177 | Vaults:1 | Identified the +3 hand axe of the Invisible Dreams {drain,
                  | Will+ Str+3}
 50427 | Vaults:1 | Reached skill level 10 in Shields
 50452 | Vaults:1 | Identified the ring of Siciudesm {rPois rCorr SInv}
 50702 | Vaults:1 | You pick up a book of Decay and begin reading...
 50702 | Vaults:1 | You add the spells Cigotuvi's Dreadful Rot, Dispel Undead
                  | and Death Channel to your library.
 50951 | Vaults:1 | Reached skill level 11 in Shields
 51806 | Vaults:2 | Reached XP level 19. HP: 152/152 MP: 30/36
 51806 | Vaults:2 | Noticed Mennas
 51820 | Vaults:2 | Noticed Nikola
 51823 | Vaults:2 | Reached skill level 12 in Shields
 51827 | Vaults:2 | Killed Mennas
 51831 | Vaults:2 | Killed Nikola
 52248 | Vaults:2 | Found a portal to a secret trove of treasure.
 52357 | Vaults:2 | You pick up a book of Burglary and begin reading...
 52528 | Vaults:2 | Reached skill level 13 in Shields
 52810 | Vaults:2 | You paid a toll of 6 scrolls of fog to enter a treasure
                  | trove
 52811 | Trove    | Entered a treasure trove
 52813 | Trove    | Found the +10 tower shield of Ignorance {rN+ Int-4}
 52822 | Trove    | Identified the scarf of Iprodafa {shadows, Rampage Str+3
                  | Int+3 Slay-2}
 52833 | Trove    | Identified the scarf of Hanaokyr {shadows, Str+3}
 52836 | Trove    | Identified the +4 chain mail "Hicvaeff" {rPois Regen+ MP-9
                  | Str+8}
 52878 | Trove    | Identified the +1 ring mail "Muas" {+Blink}
 52882 | Trove    | Identified the scarf of Uriong {shadows, rF+ rN+}
 52884 | Trove    | Identified the +1 helmet of Mumava {rPois Str-5 Int-4
                  | Dex+9}
 52887 | Trove    | Identified the +2 tower shield of Engiulum {rPois Int+2}
 52889 | Trove    | Identified the +4 kite shield "Jucuq" {-Cast rElec Stlth+}
 52892 | Trove    | Identified the +2 pair of boots of Vadir {Str+2}
 52896 | Trove    | Identified the +1 chain mail of the Shrinking Gods {rPois
                  | rC+ Will- Int+5}
 52899 | Trove    | Identified the +2 helmet of Bad Feelings {-Tele rElec rF++
                  | Dex+2}
 53003 | Vaults:2 | You pick up a book of Fire and begin reading...
 53003 | Vaults:2 | You add the spells Foxfire, Plasma Beam and Starburst to
                  | your library.
 53005 | Vaults:2 | You add the spells Haunt, Borgnjor's Revivification and
                  | Death's Door to your library.
 53189 | Vaults:2 | You pick up a book of Displacement and begin reading...
 53704 | Vaults:3 | Reached skill level 14 in Shields
 54103 | Vaults:3 | magus.rc [v1.9.6]
 54195 | Vaults:3 | Found a staircase to the Crypt.
 54195 | Vaults:3 | Found a basalt altar of Yredelemnul.
 54195 | Vaults:3 | Found an ancient bone altar of Kikubaaqudgha.
 54232 | Vaults:3 | Found a runed translucent gate.
 54232 | Vaults:3 | Found a runed translucent gate.
 54232 | Vaults:3 | Found a runed translucent gate.
 54232 | Vaults:3 | Noticed Fieg's ghost (veteran HuWn)
 55328 | WizLab   | Identified the "Noveis"
 55417 | Vaults:4 | Reached skill level 15 in Shields
 55497 | Vaults:4 | Found a magical portal.
 55595 | WizLab   | Entered Eringya's Formal Garden
 55984 | WizLab   | Found a blossoming altar of Fedhas.
 56028 | WizLab   | Reached skill level 16 in Shields
 56333 | Vaults:4 | Noticed Boris
 56405 | Vaults:4 | Found Icukkiunk's Armour Shop.
 56574 | Vaults:4 | Found Afur's General Store.
 56576 | Vaults:4 | Found Yprinio's Distillery.
 56584 | Vaults:4 | Bought a potion of heal wounds for 55 gold pieces
 56584 | Vaults:4 | Bought a potion of heal wounds for 55 gold pieces
 56720 | Vaults:4 | Gained mutation: You have hooves in place of feet. [demonic
                  | ancestry]
 56720 | Vaults:4 | Reached XP level 20. HP: 142/159 MP: 31/37
 56958 | Vaults:4 | Found Ityulan's Jewellery Shop.
 56991 | Vaults:4 | Bought the brooch of Shielding {Spirit SH+8} for 975 gold
                  | pieces
 56991 | Vaults:4 | Found the brooch of Shielding {Spirit SH+8}
 57142 | Vaults:4 | Found Umef's Magic Scroll Boutique.
 57581 | Vaults:4 | Killed Boris
 57858 | Vaults:4 | magus.rc [v1.9.6]
 58171 | Crypt:3  | Identified the of Daugaymp
 58171 | Elf:1    | Identified the "Vukippy"
 58171 | Elf:1    | Entered Level 1 of the Elven Halls
 58849 | Elf:1    | Noticed Kirke
 58867 | Elf:1    | Killed Kirke
 58868 | Elf:1    | Reached skill level 17 in Shields
 59134 | Elf:1    | Found Jethuom's Jewellery Shop.
 59173 | Elf:1    | Found Pokkik's Assorted Antiques.
 59175 | Elf:1    | Found Deitam's Armour Shop.
 59175 | Elf:1    | Found Jeudgh's Magic Scroll Boutique.
 59182 | Elf:1    | Found Huphouha's Distillery.
 59205 | Elf:1    | Identified the +4 short sword "Impbane" {heavy, SInv}
 59217 | Elf:1    | Paralysed by an air elemental for 1 turns
 59701 | Elf:1    | Reached skill level 10 in Dodging
 60005 | Elf:2    | Found Jodghoh's Antique Weapon Shop.
 60390 | Elf:2    | Reached skill level 11 in Dodging
 60617 | Elf:2    | Found a runed translucent gate.
 60617 | Elf:2    | Found a runed translucent gate.
 60617 | Elf:2    | Found a runed translucent gate.
 60695 | Elf:2    | Found a large runed translucent door.
 60695 | Elf:2    | Found a large runed translucent door.
 60696 | Elf:2    | Noticed mopl's ghost (adept DEEn)
 60810 | Elf:3    | Identified the "Qayhoor"
 60810 | Elf:3    | Entered Level 3 of the Elven Halls
 61166 | Elf:3    | Noticed Roxanne
 61263 | Elf:3    | Acquired 637 gold pieces
 61827 | Elf:3    | Acquired the ring "Zunla" {rPois rC+ Str+3}
 61930 | Elf:3    | Reached skill level 12 in Dodging
 61992 | Elf:3    | Reached skill level 13 in Dodging
 62197 | Elf:3    | Noticed Louise
 62207 | Elf:3    | Killed Louise
 62278 | Elf:3    | Identified the +3 long sword of Proximity {chaos, rF+ SInv}
 62291 | Elf:3    | Identified the +10 rapier of the Evening {flame, rC+ rCorr
                  | Int-3}
 62430 | Elf:3    | You pick up a book of Scorching and begin reading...
 62437 | Elf:3    | Identified the +4 flail of Bodily Harmony {holy, *Slow rC+
                  | Str+3 Stlth+}
 62442 | Elf:3    | Identified the -2 helmet "Ycekeq" {+Blink rElec rC+++
                  | Str-5}
 62499 | Elf:3    | Identified the staff "Agyeh" {rC+ Int+4 Ice}
 62522 | Elf:3    | Identified the +5 long sword of Gallantry {flame, Str+2
                  | Int+5 SInv}
 62526 | Elf:3    | You pick up a book of Geomancy and begin reading...
 62526 | Elf:3    | You add the spells Sandblast and Brom's Barrelling Boulder
                  | to your library.
 62556 | Elf:3    | Acquired 333 gold pieces
 62558 | Elf:3    | Identified the +9 great sword "Jithy" {venom, Str+4 SInv}
 62565 | Elf:3    | Identified the staff of the Five Princes {rElec rC+ Str+3
                  | Dex+4 Ice}
 62987 | Depths:1 | Entered Level 1 of the Depths
 63012 | D:15     | Gained mutation: You are surrounded by a strong repulsion
                  | field. (EV +4, RMsl) [demonic ancestry]
 63012 | D:15     | Reached XP level 21. HP: 154/163 MP: 22/38
 63220 | D:15     | Reached skill level 14 in Dodging
 63297 | D:15     | You pick up a book of Decay and begin reading...
 63935 | Depths:1 | Found a one-way gateway to a ziggurat.
 64008 | Depths:1 | Found a stormy altar of Qazlal.
 64027 | Depths:1 | You pick up a book of Blasting and begin reading...
 64152 | Depths:1 | Reached skill level 14 in Spellcasting
 64286 | Depths:1 | Found Nedade's General Store.
 64340 | Depths:1 | Bought a potion of might for 76 gold pieces
 64348 | Depths:1 | You pick up a book of Air and begin reading...
 64348 | Depths:1 | You add the spells Shock and Airstrike to your library.
 64497 | Depths:1 | Found a gateway to Hell.
 64861 | Depths:2 | Reached skill level 11 in Conjurations
 64870 | Depths:2 | Reached skill level 1 in Hexes
 64888 | Depths:2 | Reached skill level 2 in Hexes
 64888 | Depths:2 | Reached skill level 11 in Transmutations
 65011 | Depths:2 | You fall into a shaft and drop 1 floor!
 65412 | Depths:3 | Reached skill level 3 in Hexes
 65692 | Depths:3 | Found an opulent altar of Gozag.
 65752 | Depths:2 | Reached skill level 4 in Hexes
 66177 | Depths:2 | Reached skill level 5 in Hexes
 66451 | Depths:2 | Reached skill level 12 in Transmutations
 66465 | Depths:2 | Reached skill level 6 in Hexes
 66578 | Depths:2 | Noticed an ancient lich
 66580 | Depths:2 | Noticed a dread lich
 66585 | Depths:2 | Noticed Kitsup's ghost (adept HOMo)
 66712 | Depths:2 | Reached skill level 7 in Hexes
 66799 | Depths:2 | Found a one-way gate leading to the halls of Pandemonium.
 66902 | Depths:2 | Found a snail-covered altar of Cheibriados.
 66972 | Depths:2 | You pick up a book of Geomancy and begin reading...
 67091 | Depths:2 | Found a transporter.
 67098 | Depths:2 | Found a transporter.
 67356 | Depths:2 | Upgraded the game from 0.31-a0-965-g8a8ce12e04 to
                  | 0.31-a0-968-g24f9ace8b5
 67356 | Depths:2 | magus.rc [v1.9.6]
 67356 | Depths:2 | magus.rc [v1.9.6]
 67483 | Depths:3 | You pick up a book of Power and begin reading...
 67483 | Depths:3 | You add the spells Iskenderun's Battlesphere, Bombard and
                  | Spellforged Servitor to your library.
 67517 | Depths:3 | Reached skill level 8 in Hexes
 68254 | Depths:3 | Gained mutation: You are robust. (+10% HP) [demonic
                  | ancestry]
 68254 | Depths:3 | Reached XP level 22. HP: 165/189 MP: 32/40
 68315 | Depths:3 | Reached skill level 11 in Invocations
 68347 | Depths:3 | Noticed Margery
 68364 | Depths:3 | Killed Margery
 68469 | Depths:3 | Noticed a juggernaut
 68692 | Depths:3 | Reached skill level 12 in Invocations
 68724 | Depths:3 | Noticed a golden dragon
 68728 | Depths:3 | Killed a juggernaut
 68740 | Depths:3 | Killed a golden dragon
 68748 | Depths:3 | Reached skill level 15 in Fighting
 69043 | Depths:4 | Entered Level 4 of the Depths
 69121 | Depths:4 | Noticed a juggernaut
 69132 | Depths:4 | Killed a juggernaut
 69167 | Depths:4 | Reached skill level 13 in Invocations
 69655 | Depths:4 | Identified +7 gold dragon scales
 69655 | Depths:4 | Noticed Parghit
 70714 | Depths:4 | Reached skill level 14 in Invocations
 70853 | Depths:4 | Reached skill level 16 in Fighting
 71582 | Depths:4 | Found a gate to the Realm of Zot.
 72180 | Vaults:4 | Bought a scroll of brand weapon for 190 gold pieces
 72180 | Vaults:4 | Bought a potion of haste for 200 gold pieces
 72527 | Elf:1    | Bought a scroll of brand weapon for 180 gold pieces
 72914 | Vaults:5 | Entered Level 5 of the Vaults
 73045 | Vaults:5 | Reached skill level 17 in Fighting
 73200 | Vaults:5 | Identified the +12 rapier "Killer Bee's Death" {vamp,
                  | rPois}
 73223 | Vaults:5 | a yaktaur captain comes into view. It is wielding the +7
                  | sceptre of Torment {pain, torment}.
 73226 | Vaults:5 | Aim: a yaktaur captain, wielding the +7 sceptre of Torment
                  | {pain, torment} and quivering stones (heavily wounded,
                  | confused, ally target)
 73226 | Vaults:5 | Aim: a yaktaur captain, wielding the +7 sceptre of Torment
                  | {pain, torment} and quivering stones (heavily wounded,
                  | confused, ally target)
 73229 | Vaults:5 | Here: a yaktaur captain, wielding the +7 sceptre of Torment
                  | {pain, torment} and quivering stones (severely wounded,
                  | confused, ally target)
 73444 | Vaults:5 | Got a silver rune of Zot
 73484 | Vaults:5 | Identified the +3 short sword of Jaovumus {elec, rN+ rCorr
                  | Dex-2}
 73702 | Vaults:5 | Reached skill level 18 in Fighting
 73702 | Vaults:5 | Gained mutation: You are very robust. (+20% HP) [demonic
                  | ancestry]
 73702 | Vaults:5 | Reached XP level 23. HP: 202/228 MP: 21/41
 73714 | Vaults:5 | Identified the +12 chain mail of Agnosticism {Harm +Blink
                  | rPois Will-}
 73719 | Vaults:5 | Identified the +5 great mace of Descent {elec, Str+3 Int+5
                  | SInv}
 73845 | Vaults:5 | Identified the staff "Usor" {Int+2 Dex+2 Earth}
 73933 | Vaults:5 | Found the sphere of Battle
 73943 | Vaults:5 | Found Cupisuma's Jewellery Boutique.
 73970 | Vaults:5 | Noticed an ancient lich
 73999 | Vaults:5 | Killed an ancient lich
 74420 | Vaults:5 | Identified the +3 leather armour of the Blue Moon {rN+
                  | Int+3 Dex-3}
 74638 | Vaults:5 | You pick up a book of Party Tricks and begin reading...
 74638 | Vaults:5 | You add the spells Apportation and Alistair's Intoxication
                  | to your library.
 74791 | Vaults:5 | Reached skill level 15 in Dodging
 75002 | Vaults:5 | Reached skill level 18 in Shields
 75303 | Vaults:5 | Identified the +6 longbow of Zaczos {drain, rF+ rC+ rN++
                  | Stlth-}
 75446 | Vaults:5 | Reached skill level 9 in Armour
 75494 | Vaults:5 | You pick up a book of Storms and begin reading...
 75494 | Vaults:5 | You add the spells Static Discharge and Summon Lightning
                  | Spire to your library.
 75499 | Vaults:5 | You pick up a book of Sloth and begin reading...
 75499 | Vaults:5 | You add the spells Frozen Ramparts and Metabolic
                  | Englaciation to your library.
 76468 | Zot:3    | Identified the "Xoituruo"
 76468 | Slime:1  | Entered Level 1 of the Pits of Slime
 76469 | Slime:1  | magus.rc [v1.9.6]
 76491 | Slime:1  | Reached skill level 10 in Armour
 76636 | Slime:2  | Gained mutation: You occasionally shout uncontrollably at
                  | your foes. [a shining eye]
 76796 | Slime:4  | Found a viscous altar of Jiyva.
 76821 | Slime:4  | Reached skill level 15 in Invocations
 76891 | Slime:5  | Identified the of Akifimir
 76891 | Slime:5  | Entered Level 5 of the Pits of Slime
 77047 | Slime:5  | Noticed the Royal Jelly
 77565 | Slime:4  | Reached skill level 16 in Invocations
 77700 | Slime:5  | Found a viscous altar of Jiyva.
 77701 | Slime:5  | Identified the ring "Iwaimem" {rElec rN+ Will+ Int-3 Dex+2}
 77707 | Slime:5  | Identified the ring of the Devil's Advocate {EV+5 Dex+6}
 77710 | Slime:5  | Found the +13 scythe of Curses {drain, curses, Drain}
 77714 | Slime:5  | Identified the staff of the Key {rC+ rCorr Int+6 Dex-5
                  | Stlth- Ice}
 77738 | Slime:5  | Got a slimy rune of Zot
 78262 | D:9      | Bought a scroll of enchant weapon for 90 gold pieces
 78507 | Crypt:1  | Entered Level 1 of the Crypt
 78977 | Crypt:1  | Reached skill level 17 in Invocations
 79168 | Crypt:1  | Gained mutation: You frequently emit foul miasma when
                  | damaged in melee. [demonic ancestry]
 79168 | Crypt:1  | Reached XP level 24. HP: 215/236 MP: 28/41
 79731 | Crypt:2  | Reached skill level 18 in Invocations
 80005 | Crypt:2  | HP: 55/231 [vampire knight/+0 halberd (3)]
 80227 | Crypt:2  | Reached skill level 19 in Invocations
 80301 | Crypt:2  | You pick up a book of Minor Magic and begin reading...
 80634 | Crypt:3  | Entered Level 3 of the Crypt
 80877 | Crypt:3  | Reached skill level 20 in Invocations
 80960 | Crypt:3  | Found a basalt altar of Yredelemnul.
 81386 | Crypt:3  | Found a staircase to the Tomb.
 81396 | Crypt:3  | Identified the +1 triple sword of Ewuk {freeze, rElec rF+
                  | Will- rCorr}
 81510 | Crypt:3  | Identified the +1 plate armour of the Louse {Contam rC++
                  | Regen+ Dex+4}
 81751 | Crypt:3  | Noticed Jory
 81766 | Crypt:3  | Killed Jory
 81983 | Crypt:3  | Identified the +5 whip "Orb Guardian's Death" {flame, Int+4
                  | Dex+2}
 82093 | Crypt:3  | Acquired the +7 quick blade "Reguw" {antimagic, rElec rC+
                  | Stlth+}
 82495 | Crypt:3  | You add the spells Kiss of Death, Sublimation of Blood,
                  | Vampiric Draining and Infestation to your library.
 82590 | Crypt:3  | Identified the +1 cloak "Liomoymo" {rCorr Dex+3}
 82970 | Zot:1    | Entered Level 1 of the Realm of Zot
 82971 | Zot:1    | magus.rc [v1.9.6]
 83399 | Orc:2    | Bought a scroll of revelation for 270 gold pieces
 83399 | Orc:2    | Bought a potion of ambrosia for 288 gold pieces
 83748 | Vaults:4 | Bought 3 scrolls of blinking for 540 gold pieces
 83748 | Vaults:4 | Bought a scroll of fog for 96 gold pieces
 83996 | Zot:3    | Noticed an electric golem
 84017 | Zot:3    | Killed an electric golem
 84039 | Zot:4    | Reached skill level 19 in Shields
 84130 | Zot:4    | Reached skill level 19 in Fighting
 84162 | Zot:5    | Entered Level 5 of the Realm of Zot
 84498 | Zot:5    | quicksilver dragon scales {rare}; a quicksilver dragon
                  | corpse
 84498 | Zot:5    | P - quicksilver dragon scales {rare}
 84499 | Zot:5    | You drop quicksilver dragon scales {rare}.
 84947 | Zot:5    | Noticed a dread lich
 84949 | Zot:5    | Noticed an ancient lich
 84950 | Zot:5    | Noticed an orb of fire
 84951 | Zot:5    | Paralysed by a dread lich for 5 turns
 84953 | Zot:5    | Noticed an orb of fire
 84958 | Zot:5    | Reached skill level 20 in Shields
 84958 | Zot:5    | Gained mutation: Spells you cast and wands you use may
                  | paralyse nearby enemies. [demonic ancestry]
 84958 | Zot:5    | Reached XP level 25. HP: 219/252 MP: 8/41
 84958 | Zot:5    | Gained mutation: You are weak. (Str -2) [an orb of fire]
 84959 | Zot:5    | Killed a dread lich
 84961 | Zot:5    | Killed an ancient lich
 84964 | Zot:5    | Gained mutation: You are dopey. (Int -2) [an orb of fire]
 84966 | Zot:5    | Killed an orb of fire
 84967 | Zot:5    | Reached skill level 20 in Fighting
 84978 | Zot:5    | Killed an orb of fire
 84979 | Zot:5    | Noticed an ancient lich
 84983 | Zot:5    | Noticed an ancient lich
 84985 | Zot:5    | Killed an ancient lich
 84988 | Zot:5    | Noticed an ancient lich
 84989 | Zot:5    | Killed an ancient lich
 85003 | Zot:5    | Killed an ancient lich
 85075 | Zot:5    | Noticed an ancient lich
 85085 | Zot:5    | Killed an ancient lich
 85119 | Zot:5    | Reached skill level 16 in Dodging
 85123 | Zot:5    | Noticed a Killer Klown
 85135 | Zot:5    | Noticed a dread lich
 85137 | Zot:5    | Noticed a Killer Klown
 85138 | Zot:5    | Killed a Killer Klown
 85143 | Zot:5    | Killed a Killer Klown
 85169 | Zot:5    | Killed a dread lich
 85238 | Zot:5    | Noticed a Killer Klown
 85250 | Zot:5    | Noticed an ancient lich
 85451 | Zot:5    | Killed an ancient lich
 85457 | Zot:5    | Killed a Killer Klown
 85518 | Zot:5    | Noticed a dread lich
 85534 | Zot:5    | Killed a dread lich
 85817 | Zot:5    | Reached skill level 17 in Dodging
 86075 | Zot:5    | Noticed an electric golem
 86098 | Zot:5    | Noticed an ancient lich
 86100 | Zot:5    | Killed an electric golem
 86104 | Zot:5    | Noticed a dread lich
 86108 | Zot:5    | Killed an ancient lich
 86121 | Zot:5    | Noticed an electric golem
 86123 | Zot:5    | Killed a dread lich
 86124 | Zot:5    | Reached skill level 18 in Dodging
 86130 | Zot:5    | Killed an electric golem
 86230 | Zot:5    | Got the Orb of Zot
 86814 | D:$      | Escaped with the Orb!

Vanquished Creatures
  4 dread liches (Zot:5)
  8 ancient liches
  2 orbs of fire (Zot:5)
  Mennas (Vaults:2)
  2 juggernauts
  Boris (Vaults:4)
  Margery (Depths:3)
  3 Killer Klowns (Zot:5)
  A golden dragon (Depths:3)
  Nikola (Vaults:2)
  2 bone dragons
  3 electric golems
  Jorgrun (D:12)
  Rupert (Lair:5)
  9 tentacled monstrosities
  3 liches
  22 Orb Guardians (Zot:5)
  A walking earthen tome (Depths:3)
  4 titans (Vaults:5)
  A deep elf blademaster (Elf:3)
  Asterion (Spider:4)
  3 quicksilver dragons
  4 deep elf master archers
  A walking divine tome (Depths:4)
  5 acid blobs
  6 sphinxes
  A kraken (Shoals:2)
  Polyphemus (Shoals:2)
  3 ancient champions
  2 death cobs
  4 tengu reavers
  4 storm dragons
  4 shadow dragons
  2 fenstrider witches (WizLab)
  Kirke (Elf:1)
  A rockslime (Slime:1)
  3 draconian monks
  A revenant (Crypt:3)
  Donald (Shoals:4)
  An azure jelly (Slime:3)
  7 emperor scorpions
  10 fire giants
  An iron dragon (Vaults:5)
  4 deep elf sorcerers (Elf:3)
  A draconian knight (Zot:5)
  4 spectral caustic shrikes (Depths:4)
  7 frost giants
  7 ghost moths
  6 deep elf elementalists (Elf:3)
  19 vault wardens
  3 draconian scorchers (Zot:5)
  Louise (Elf:3)
  A draconian shifter (Zot:5)
  2 ghouls
  2 spriggan defenders
  3 orc warlords
  A draconian stormcaller (Zot:5)
  A broodmother (Spider:4)
  2 war gargoyles
  24 very ugly things
  3 quicksilver oozes
  2 ironbound thunderhulks
  15 stone giants
  11 ironbound preservers
  A juggernaut skeleton (Crypt:1)
  2 reapers
  A formless jellyfish (Slime:5)
  3 deep elf demonologists (Elf:3)
  2 draconian annihilators
  18 vampire knights
  5 deep elf annihilators (Elf:3)
  An eleionoma (WizLab)
  5 black draconians
  4 green draconians
  A red draconian (Depths:4)
  Nessos (D:14)
  13 spark wasps
  4 white draconians
  3 yellow draconians
  10 dire elephants
  A purple draconian (Zot:5)
  2 eidola (Crypt:2)
  4 deep elf death magi
  2 crystal guardians
  2 merfolk impalers
  A merfolk javelineer (Shoals:4)
  11 ettins
  8 fire dragons
  A blizzard demon (Depths:2)
  Snorg (Lair:3)
  24 jiangshi
  4 deep elf high priests
  7 entropy weavers
  35 vault guards
  3 rakshasas
  Erolcha (D:11)
  3 peacekeepers
  11 ice dragons
  14 yaktaur captains
  3 ironbound frosthearts
  5 great orbs of eyes
  A jorogumo (Spider:3)
  2 spriggan air magi (Depths:2)
  A spriggan zombie (Crypt:2)
  A spriggan skeleton (Crypt:1)
  21 centaur warriors
  4 hydras
  8 boulder beetles
  6 radroaches
  3 catoblepae
  4 satyrs
  2 merfolk aquamancers (Shoals:4)
  8 tengu warriors
  3 two-headed ogres
  21 dancing weapons
  11 death yaks
  An alligator snapping turtle (Shoals:2)
  8 vampire magi
  13 deep troll shamans
  9 deep troll earth magi
  A sphinx skeleton (Depths:3)
  3 death knights
  A naga sharpshooter (WizLab)
  10 demonic crawlers
  3 orc high priests (Orc:2)
  8 spriggan berserkers
  Urug (Lair:3)
  5 deep elf knights
  Sonja (Lair:3)
  10 iron trolls
  A storm dragon zombie (Crypt:1)
  12 hell knights
  A sun demon (D:2)
  A sun moth (Spider:4)
  A sixfirhy (Depths:2)
  7 pharaoh ants
  25 skeletal warriors
  7 skysharks
  A bunyip zombie (Crypt:2)
  A golden dragon zombie (Depths:3)
  An iron giant zombie (Crypt:2)
  8 sea snakes
  29 deep trolls
  3 shadow wraiths
  A glowing orange brain (Vaults:3)
  12 flayed ghosts
  A quicksilver dragon simulacrum (Crypt:2)
  19 ironbound convokers
  8 orb spiders
  2 bog bodies (Crypt:2)
  4 steelbarb worms
  24 orc knights
  A bunyip skeleton (Crypt:1)
  8 lindwurms
  4 arcanists
  15 deep elf pyromancers
  3 spectral wolf spiders (Spider:2)
  13 necromancers
  9 deep elf archers
  24 wolf spiders
  10 harpies
  20 deep elf zephyrmancers
  A mana viper (shapeshifter) (Depths:2)
  12 phantasmal warriors
  4 orc sorcerers
  A shining eye (Slime:2)
  21 fauns
  14 manticores
  14 cyclopes
  4 large abominations
  A faun (shapeshifter) (Elf:2)
  6 merfolk sirens
  23 ugly things
  6 black mambas
  15 elephants
  A rust devil (D:12)
  A guardian serpent (shapeshifter) (D:13)
  68 slime creatures
  Joseph (D:9)
  2 eyes of devastation
  6 moths of wrath
  A smoke demon (Depths:2)
  2 centaur zombies
  A dire elephant zombie (Crypt:1)
  5 torpor snails
  22 vault sentinels
  An apocalypse crab (Gauntlet)
  6 cane toads
  5 rime drakes
  6 unseen horrors
  4 komodo dragons
  30 yaktaurs
  A yaktaur (shapeshifter) (Depths:4)
  9 freezing wraiths
  4 tengu conjurers
  A rime drake (shapeshifter) (Vaults:5)
  12 meliai
  A yellow draconian skeleton (Crypt:1)
  A catoblepas skeleton (Crypt:2)
  A red draconian skeleton (Crypt:1)
  A spectral naga (Crypt:3)
  7 trolls
  A hellwing (D:4)
  4 wolf spider simulacra (Spider:2)
  3 polar bears
  9 wind drakes
  42 tarantellas
  A troll (shapeshifter) (Depths:2)
  19 merfolk
  7 hornets
  A culicivora zombie (Crypt:2)
  8 snapping turtles
  16 blink frogs
  14 dream sheep
  An ettin zombie (Crypt:1)
  6 glass eyes
  Sigmund (D:2)
  A spectral black mamba (Crypt:3)
  3 air elementals
  2 centaur simulacra
  15 spriggans
  52 flying skulls
  21 jumping spiders
  52 yaks
  A ynoxinul (Depths:2)
  A jumping spider (shapeshifter) (Depths:3)
  4 shadows
  A culicivora (shapeshifter) (D:15)
  20 culicivoras
  10 wyverns
  15 water elementals
  9 wraiths
  A vampire (D:10)
  3 humans
  5 basilisks
  6 fire elementals
  A basilisk (shapeshifter) (Depths:4)
  A chaos spawn (D:14)
  5 hogs (Elf:1)
  5 golden eyes (Slime:3)
  3 black mamba skeletons
  2 vampire mosquitoes (D:10)
  47 redbacks
  Menkaure (D:6)
  3 steam dragons
  2 harpy simulacra
  A glowing shapeshifter zombie (Depths:3)
  6 wargs
  10 water moccasins
  An acid dragon (D:12)
  A cane toad zombie (Crypt:2)
  A hydra simulacrum (IceCv)
  A deep troll skeleton (Crypt:1)
  A hornet zombie (Crypt:1)
  6 small abominations
  27 orc warriors
  2 sky beasts
  A snapping turtle zombie (Crypt:1)
  A fire dragon simulacrum (Crypt:1)
  A black bear (shapeshifter) (D:14)
  A black mamba simulacrum (Crypt:2)
  4 boggarts (Lair:5)
  6 black bears
  8 ogres
  34 wolves
  The ghost of MrCrawl the Firebug, an amateur DrFE (D:3)
  10 centaurs
  A torpor snail zombie (Crypt:2)
  6 kobold brigands (Bailey)
  3 phantoms
  2 elf zombies (Elf:1)
  A hog skeleton (Crypt:1)
  12 bullfrogs
  2 earth elementals
  3 gnoll sergeants
  A scorpion (D:7)
  4 necrophages
  A naga simulacrum (Crypt:2)
  6 wights
  A wyvern skeleton (Crypt:1)
  15 killer bees
  The ghost of Azuregosa the Sneak, a weakling OpDe (D:6)
  4 howler monkeys
  4 electric eels
  A crimson imp (D:8)
  2 shapeshifter skeletons
  A lava snake (D:14)
  20 orc priests
  6 hounds
  2 jellies (D:7)
  3 iguanas
  23 orc wizards
  5 hell rats (Lair:5)
  11 gnolls
  A river rat (shapeshifter) (Vaults:5)
  6 adders
  A white imp (D:6)
  An adder skeleton (Crypt:2)
  A worm (D:3)
  2 dart slugs
  70 orcs
  9 ball pythons
  2 endoplasms
  A giant cockroach (D:2)
  9 hobgoblins
  9 jackals
  4 quokkas
  2 bats
  7 frilled lizards
  12 goblins
  18 kobolds
  A rat (shapeshifter) (Depths:3)
  3 rats
  A rat zombie (Crypt:2)
  10 ballistomycete spores
  2 tentacles (Shoals:2)
2104 creatures vanquished.

Vanquished Creatures (collateral kills)
  Jory (Crypt:3)
  A profane servitor (Crypt:3)
  A tentacled monstrosity (Depths:2)
  3 Orb Guardians (Zot:5)
  A deep elf blademaster (Elf:3)
  2 titans (Vaults:5)
  A deep elf master archer (WizLab)
  A fenstrider witch (WizLab)
  3 deep elf sorcerers (Elf:3)
  2 vault wardens
  A deep elf elementalist (Elf:3)
  A war gargoyle (Vaults:5)
  2 ironbound thunderhulks (Vaults:1)
  A formless jellyfish (Slime:5)
  2 deep elf demonologists (Elf:3)
  2 deep elf annihilators (Elf:3)
  3 white draconians (Zot:5)
  A jiangshi (Crypt:3)
  2 crystal guardians (Vaults:3)
  A yaktaur captain (Vaults:5)
  4 vault guards (Vaults:5)
  A hydra (Lair:5)
  2 centaur warriors (Vaults:2)
  A death knight (Crypt:3)
  2 satyrs (Shoals:4)
  A satyr (shapeshifter) (Vaults:5)
  A spectral dire elephant (Crypt:3)
  3 skeletal warriors (Crypt:3)
  A deep troll (Vaults:1)
  An ironbound convoker (Vaults:2)
  A phantasmal warrior (Vaults:5)
  2 ugly things (Vaults:5)
  3 fauns
  A cyclops (Shoals:4)
  2 shining eyes (Slime:5)
  2 merfolk sirens (Shoals:4)
  A vault sentinel (Vaults:5)
  A torpor snail (Spider:4)
  A yaktaur (Vaults:2)
  A komodo dragon (Lair:2)
  A hornet (Lair:1)
  2 glass eyes
  A snapping turtle (Shoals:4)
  3 slime creatures (Slime:5)
  13 flying skulls (Crypt:3)
  A yak (Lair:2)
  A redback (Spider:4)
  An ice beast (D:6)
  A kobold brigand (Bailey)
  2 necrophages (Crypt:3)
  A wight (D:9)
  An electric eel (D:7)
  A gnoll bouda (D:4)
  An adder (D:4)
  2 gnolls (D:4)
  2 orcs (D:4)
  A ball python (D:4)
  A hobgoblin (D:4)
  A goblin (D:9)
  A kobold (D:4)
  336 ballistomycete spores
438 creatures vanquished.

Vanquished Creatures (others)
  A fire giant (Vaults:5)
  An orc warlord (Vaults:2)
  2 blizzard demons (D:13)
  A deep elf death mage (Elf:3)
  A great orb of eyes (Vaults:2)
  2 oklob plants
  3 yaktaurs
  3 yaks (Lair:3)
  An orc warrior (Vaults:5)
  An orc wizard (Vaults:5)
  An orc (Orc:2)
  44 ballistomycete spores
  7 tentacles (Shoals:2)
68 creatures vanquished.

Grand Total: 2610 creatures vanquished

Table legend:
 A = Non-vault XP
 B = Vault XP
 C = Vault XP percentage of total XP
 D = Non-vault monster count
 E = Vault monster count
 F = Vault count percentage of total count
                 A         B        C        D         E       F
            +---------+---------+-------+---------+---------+-------
      Total |  662974 |  600583 |  47.5 |    1420 |     777 |  35.4
            +---------+---------+-------+---------+---------+-------
        D:1 |      58 |       0 |   0.0 |      20 |       0 |   0.0
        D:2 |      62 |     231 |  78.8 |      22 |       1 |   4.3
        D:3 |      72 |     230 |  76.2 |      20 |       5 |  20.0
        D:4 |     467 |       0 |   0.0 |      38 |       0 |   0.0
        D:5 |     574 |       0 |   0.0 |       8 |       0 |   0.0
        D:6 |     446 |    1580 |  78.0 |      11 |       7 |  38.9
        D:7 |     741 |     519 |  41.2 |      15 |       7 |  31.8
        D:8 |     716 |      50 |   6.5 |      19 |       1 |   5.0
        D:9 |    2235 |     865 |  27.9 |      35 |       7 |  16.7
       D:10 |    2178 |     585 |  21.2 |      16 |       2 |  11.1
       D:11 |    2855 |    5135 |  64.3 |      15 |       9 |  37.5
       D:12 |    4198 |    1877 |  30.9 |      15 |       1 |   6.2
       D:13 |    5096 |    8086 |  61.3 |      12 |      11 |  47.8
       D:14 |    9206 |    7942 |  46.3 |      24 |       9 |  27.3
       D:15 |    9639 |    3555 |  26.9 |      22 |       4 |  15.4
     Lair:1 |    1694 |     296 |  14.9 |       5 |       3 |  37.5
     Lair:2 |   11898 |     503 |   4.1 |      40 |       4 |   9.1
     Lair:3 |    7735 |    2474 |  24.2 |      31 |       3 |   8.8
     Lair:4 |    9207 |    5560 |  37.7 |      34 |      12 |  26.1
     Lair:5 |   13327 |   13991 |  51.2 |      41 |      58 |  58.6
   Shoals:1 |   11580 |       0 |   0.0 |      23 |       0 |   0.0
   Shoals:2 |   15292 |    5543 |  26.6 |      29 |       6 |  17.1
   Shoals:3 |   10231 |     832 |   7.5 |      22 |       4 |  15.4
   Shoals:4 |    6408 |   18917 |  74.7 |      18 |      33 |  64.7
   Spider:1 |   26941 |       0 |   0.0 |      64 |       0 |   0.0
   Spider:2 |    9246 |    6370 |  40.8 |      26 |      14 |  35.0
   Spider:3 |   20719 |    8552 |  29.2 |      33 |      18 |  35.3
   Spider:4 |   28675 |   14003 |  32.8 |      63 |      30 |  32.3
    Slime:1 |    5970 |     946 |  13.7 |      17 |       4 |  19.0
    Slime:2 |    2902 |       0 |   0.0 |      10 |       0 |   0.0
    Slime:3 |    5521 |       0 |   0.0 |      10 |       0 |   0.0
    Slime:4 |    8525 |       0 |   0.0 |      20 |       0 |   0.0
    Slime:5 |   10671 |    4392 |  29.2 |      23 |       8 |  25.8
      Orc:1 |    5139 |       0 |   0.0 |      34 |       0 |   0.0
      Orc:2 |    3551 |    7557 |  68.0 |      34 |      30 |  46.9
      Elf:1 |   12179 |    9739 |  44.4 |      24 |      20 |  45.5
      Elf:2 |   14643 |    1636 |  10.0 |      25 |       2 |   7.4
      Elf:3 |   11722 |   40565 |  77.6 |      19 |      35 |  64.8
   Vaults:1 |   28327 |   11476 |  28.8 |      38 |      17 |  30.9
   Vaults:2 |   23621 |   10633 |  31.0 |      33 |       8 |  19.5
   Vaults:3 |   18676 |   13390 |  41.8 |      24 |      17 |  41.5
   Vaults:4 |   29562 |    8754 |  22.8 |      41 |       6 |  12.8
   Vaults:5 |   34345 |   98303 |  74.1 |      46 |      94 |  67.1
    Crypt:1 |   18707 |    3037 |  14.0 |      37 |       6 |  14.0
    Crypt:2 |   35255 |       0 |   0.0 |      63 |       0 |   0.0
    Crypt:3 |       0 |   69023 | 100.0 |       0 |     123 | 100.0
   Depths:1 |   34751 |    2204 |   6.0 |      44 |       2 |   4.3
   Depths:2 |   48287 |    7217 |  13.0 |      59 |       9 |  13.2
   Depths:3 |   25089 |   41919 |  62.6 |      29 |      36 |  55.4
   Depths:4 |   30294 |   21782 |  41.8 |      32 |      20 |  38.5
      Zot:3 |    2452 |       0 |   0.0 |       2 |       0 |   0.0
      Zot:4 |    4553 |       0 |   0.0 |       3 |       0 |   0.0
      Zot:5 |   36736 |  122026 |  76.9 |      32 |      46 |  59.0
     Bailey |       0 |    1372 | 100.0 |       0 |      21 | 100.0
      IceCv |       0 |     307 | 100.0 |       0 |       2 | 100.0
     WizLab |       0 |   16199 | 100.0 |       0 |      21 | 100.0
   Gauntlet |       0 |     410 | 100.0 |       0 |       1 | 100.0
            +---------+---------+-------+---------+---------+-------

Skill      XL: |  1  2  3  4  5  6  7  8  9 10 11 12 13 14 15 16 17 18 19 20 21 22 23 24 25 |
---------------+----------------------------------------------------------------------------+-----
Poison Magic   | 4 5 7 8 9 10 | 10.0
Summonings     | 2 3 |  3.0
Spellcasting   | 4 5 6 9 13 14 | 14.0
Fighting       | 4 6 9 10 11 14 18 19 20 | 20.0
Short Blades   | 5 6 10 13 14 | 14.0
Dodging        | 6 7 8 9 13 14 15 18 | 18.2
Conjurations   | 2 3 4 7 9 10 11 | 11.0
Air Magic      | 2 3 4 |  4.0
Invocations    | 10 14 17 20 | 20.0
Armour         | 5 6 8 10 | 10.0
Shields        | 5 6 11 16 17 18 20 | 20.0
Evocations     | 6 |  6.0
Transmutations | 1 6 10 12 | 12.0
Stealth        | 3 4 |  4.0
Hexes          | 8 |  8.0

Action                     |  1- 3 |  4- 6 |  7- 9 | 10-12 | 13-15 | 16-18 | 19-21 | 22-24 | 25-27 || total
---------------------------+-------+-------+-------+-------+-------+-------+-------+-------+-------++-------
  Melee: Mace              |    13 |       |       |       |       |       |       |       |       ||    13
         Dagger            |    34 |    71 |       |       |       |       |       |       |       ||   105
         Kick              |     6 |    23 |    49 |    22 |    51 |       |   698 |  1734 |   324 ||  2907
         Short sword       |       |    26 |       |       |       |       |       |       |       ||    26
         Rapier            |       |       |   155 |   297 |   868 |  1009 |  1714 |  2655 |       ||  6698
         Punch             |       |       |       |     4 |       |       |       |       |       ||     4
         Quick blade       |       |       |       |       |       |       |       |   254 |   514 ||   768
   Cast: Sting             |    23 |    11 |     1 |     3 |       |       |       |       |       ||    38
         Poisonous Vapours |    27 |    77 |    24 |     3 |     1 |       |       |       |       ||   132
         Call Imp          |       |    17 |    30 |    29 |    14 |     1 |       |       |       ||    91
         Olgreb's Toxic Ra |       |       |    52 |    93 |   162 |   197 |    48 |    14 |     2 ||   568
         Mephitic Cloud    |       |       |       |    32 |    89 |    68 |    19 |    17 |     2 ||   227
         Irradiate         |       |       |       |       |     2 |    96 |    85 |   122 |     6 ||   311
         Wereblood         |       |       |       |       |       |     6 |     9 |     8 |     3 ||    26
         Yara's Violent Un |       |       |       |       |       |       |     2 |    16 |     4 ||    22
 Invoke: Grow Ballistomyce |       |       |       |     9 |    20 |    23 |    15 |    17 |     3 ||    87
         Wall of Briars    |       |       |       |     1 |     5 |     1 |     5 |     4 |       ||    16
         Grow Oklob        |       |       |       |       |     4 |     3 |    10 |    16 |       ||    33
         Overgrow          |       |       |       |       |       |       |       |     4 |       ||     4
  Evoke: Wand              |       |     5 |     2 |    14 |    11 |    16 |    13 |     8 |     3 ||    72
         Lightning rod     |       |       |       |       |       |     5 |     2 |    12 |       ||    19
         Condenser vane    |       |       |       |       |       |       |       |     2 |     1 ||     3
         Phantom mirror    |       |       |       |       |       |       |       |     1 |     1 ||     2
    Use: Scroll            |       |     3 |    16 |    11 |    14 |     9 |     8 |    30 |       ||    91
         Potion            |       |       |       |     6 |     8 |     8 |     1 |     9 |    11 ||    43
   Stab: Sleeping          |       |       |     3 |     4 |     6 |     5 |    12 |     4 |       ||    34
         Paralysed         |       |       |       |    14 |    57 |    80 |    44 |    58 |     2 ||   255
         Distracted        |       |       |       |     1 |     2 |     1 |     5 |    19 |       ||    28
         Confused          |       |       |       |    11 |    50 |    53 |    22 |    11 |     6 ||   153
         Invisible         |       |       |       |       |       |       |       |     8 |    10 ||    18
 Armour: Robe              |    30 |    50 |    78 |   104 |       |       |       |       |       ||   262
         Ring mail         |       |       |    10 |    34 |   440 |   484 |   296 |   395 |    41 ||  1700
  Dodge: Dodged            |    63 |    76 |   115 |   152 |   375 |   651 |   333 |   651 |    58 ||  2474
         Repelled          |       |       |       |       |       |       |     1 |    24 |     4 ||    29
  Block: Other             |       |       |     8 |     9 |       |       |       |       |       ||    17
         Reflection        |       |       |     3 |     2 |    25 |    40 |    90 |       |       ||   160
         Buckler           |       |       |       |   105 |   409 |   487 |       |       |       ||  1001
         Tower shield      |       |       |       |       |       |    10 |  1714 |  3149 |   213 ||  5086

Illustrated notes

Table legend:
 A = Kills in this place as a percentage of kills in the entire game.
 B = Kills by you in this place as a percentage of kills by you in the entire game.
 C = Kills by friends in this place as a percentage of kills by friends in the entire game.
 D = Other kills in this place as a percentage of other kills in the entire game.
 E = Experience gained in this place as a percentage of experience gained in the entire game.
 F = Experience gained in this place divided by the number of levels of this place that you have seen.
                   A       B       C       D       E      F
               +-------+-------+-------+-------+-------+----------------------
         Total | 100.0 | 100.0 | 100.0 | 100.0 | 100.0 | 21118.8
       Dungeon |  16.4 |  16.9 |  12.7 |   8.1 |   5.7 | 4851.3
          Lair |  10.5 |  10.4 |   3.9 |  22.6 |   5.3 | 13337.0
        Shoals |   6.1 |   6.0 |   7.8 |   8.1 |   5.4 | 17200.8
   Spider Nest |  11.3 |  11.8 |   2.0 |   9.7 |   9.0 | 28626.5
    Slime Pits |   4.2 |   4.2 |   6.9 |   0.0 |   3.1 | 7785.4
  Orcish Mines |   4.4 |   4.5 |   0.0 |  11.3 |   1.3 | 8123.5
   Elven Halls |   5.7 |   5.5 |   8.8 |   4.8 |   7.1 | 30161.3
        Vaults |  14.7 |  14.0 |  23.5 |  24.2 |  21.9 | 55417.4
         Crypt |  10.4 |  10.1 |  22.5 |   0.0 |   9.9 | 42007.3
        Depths |  10.5 |  11.0 |   2.0 |   6.5 |  16.7 | 52885.8
           Zot |   3.8 |   3.7 |   5.9 |   3.2 |  13.1 | 33153.4
        Bailey |   1.0 |   1.0 |   1.0 |   0.0 |   0.1 | 1372.0
      Ice Cave |   0.1 |   0.1 |   0.0 |   0.0 |   0.0 | 307.0
        Wizlab |   1.0 |   0.8 |   2.9 |   1.6 |   1.3 | 16199.0
      Gauntlet |   0.0 |   0.0 |   0.0 |   0.0 |   0.0 | 410.0
               +-------+-------+-------+-------+-------+----------------------

Table legend: (Time is in decaauts)
 A = Elapsed time spent in this place.
 B = Non-inter-level travel time spent in this place.
 C = Inter-level travel time spent in this place.
 D = Time resting spent in this place.
 E = Time spent auto-exploring this place.
 F = Levels seen in this place.
 G = Mean time per level.
                   A        B        C        D        E       F      G
               +--------+--------+--------+--------+--------+-----+--------+
         Total |  85019 |  75027 |   9992 |  19482 |  37246 |  60 | 1417.0 |
       Dungeon |  26295 |  21343 |   4952 |   5790 |  11467 |  15 | 1753.0 |
          Lair |   9743 |   8759 |    984 |   2452 |   4602 |   5 | 1948.6 |
        Shoals |   4969 |   4819 |    150 |    958 |   2776 |   4 | 1242.2 |
   Spider Nest |   8520 |   8192 |    328 |   2757 |   3811 |   4 | 2130.0 |
    Slime Pits |   1327 |   1246 |     81 |    633 |     52 |   5 |  265.4 |
  Orcish Mines |   2421 |   1836 |    585 |    447 |    927 |   2 | 1210.5 |
   Elven Halls |   4022 |   3697 |    325 |    355 |   2214 |   3 | 1340.7 |
        Vaults |  10903 |   9558 |   1345 |   1924 |   5056 |   5 | 2180.6 |
         Crypt |   3826 |   3573 |    253 |    465 |   1728 |   3 | 1275.3 |
        Depths |   8560 |   7721 |    839 |   2159 |   3446 |   4 | 2140.0 |
           Zot |   2285 |   2140 |    145 |    803 |    486 |   5 |  457.0 |
         Trove |    117 |    117 |      0 |      0 |      0 |   1 |  117.0 |
        Bailey |    909 |    909 |      0 |    615 |    101 |   1 |  909.0 |
      Ice Cave |     27 |     27 |      0 |      0 |      0 |   1 |   27.0 |
        Wizlab |    582 |    582 |      0 |     28 |    316 |   1 |  582.0 |
      Gauntlet |    505 |    505 |      0 |     94 |    261 |   1 |  505.0 |
               +--------+--------+--------+--------+--------+-----+--------+

Top non-repeatable levels by time:
Depths:3: 3251 daAuts
Vaults:5: 2870 daAuts
     D:9: 2725 daAuts
    D:14: 2711 daAuts
  Lair:2: 2464 daAuts
Vaults:3: 2429 daAuts
     D:4: 2274 daAuts
Spider:2: 2237 daAuts
    D:13: 2164 daAuts
Spider:4: 2148 daAuts
Vaults:4: 2105 daAuts
Spider:1: 2076 daAuts
Spider:3: 2057 daAuts
Depths:2: 2011 daAuts
  Lair:5: 1986 daAuts
